 Dungeon Crawl Stone Soup version 0.31-a0-963-ga325b22 (webtiles) character file.

Game seed: 3191971663772337048

32773330 catclaw the Rolling Thunder (level 27, 204/224 HPs)
             Began as an Armataur Shapeshifter on Oct 25, 2023.
             Was a High Priest of Qazlal.
             Escaped with the Orb
             ... and 15 runes!
             The game lasted 04:30:05 (44989 turns).

catclaw the Rolling Thunder (AtSh)                 Turns: 44989, Time: 04:30:05

Health: 204/224    AC: 56    Str: 28    XL:     27
Magic:  40/40      EV:  4    Int: 12    God:    Qazlal [*****.]
Gold:   5163       SH: 27    Dex: 10    Spells: 21/37 levels left

rFire   + + .        a - +7 broad axe of Awkenwab {freeze, rElec}
rCold   + + +        p - +5 Storm Queen's Shield {shock, Fly rElec}
rNeg    + . .        y - +12 gold dragon scales
rPois   +            n - +3 hat "Leick" {rF+}
rElec   +            X - +2 cloak {rCorr}
rCorr   +            c - +2 pair of gloves
SInv    +            C - +0 barding "Fomiack" {rC++ Str+3 Int+2}
Will    +++++        z - amulet of regeneration Stlth
                     S - ring of Noon {Drain rElec rCorr Slay+5 SInv}
HPRegen 1.37/turn    P - ring "Hemof" {rPois rN+ Will+++ Str-5 Stlth+}
MPRegen 0.27/turn

%: repel missiles, roll
@: flying, hasted, studying 3 skills, very quick
A: large, rugged brown scales 3, deformed body, armoured tail, roll, long
tongue, awkward tongue, stinger 1, iridescent scales 1, see invisible, clumsy 1,
deterioration 1, dopey 1, frail 2
0: Orb of Zot
}: 15/15 runes: decaying, serpentine, slimy, silver, golden, iron, obsidian,
icy, bone, abyssal, demonic, glowing, magical, fiery, dark
a: Renounce Religion, Upheaval, Elemental Force, Disaster Area


You escaped.
You worshipped Qazlal.
Qazlal was extremely pleased with you.
You visited 18 branches of the dungeon, and saw 87 of its levels.
You visited Pandemonium 1 time, and saw 20 of its levels.
You visited the Abyss 2 times.
You also visited: Bailey, Wizlab and Desolation.

You collected 8602 gold pieces.
You spent 3439 gold pieces at shops.

Inventory:

Hand Weapons
 a - the +7 broad axe of Awkenwab (weapon) {freeze, rElec}
   (You found it on level 5 of the Pits of Slime)

   rElec:     It insulates you from electricity.
 b - a +9 broad axe of holy wrath
Missiles
 f - 45 boomerangs
 h - 11 silver javelins (quivered)
 s - a throwing net
 v - 5 darts of dispersal
 H - 29 curare-tipped darts
 Q - 5 javelins
Armour
 c - a +2 pair of gloves (worn)
 n - the +3 hat "Leick" (worn) {rF+}
   (You acquired it on level 2 of the Elven Halls)

   rF+:       It protects you from fire.
 p - the +5 Storm Queen's Shield (worn) {shock, Fly rElec}
   (You found it in the Desolation of Salt)

   Shock:     When it blocks an attack, it may electrocute the attacker.
   This works even against foes who are a short distance away.
   rElec:     It insulates you from electricity.
   Fly:       It grants you flight.
 y - +12 gold dragon scales (worn)
 C - the +0 barding "Fomiack" (worn) {rC++ Str+3 Int+2}
   (Okawaru gifted it to you on level 3 of the Snake Pit)

   Str+3:     It affects your strength (+3).
   Int+2:     It affects your intelligence (+2).
   rC++:      It greatly protects you from cold.
 X - a +2 cloak of preservation (worn)
Jewellery
 t - the ring of Lugonu's Pride {Fire rCorr Int+6}
   (You found it on level 5 of the Pits of Slime)

   [ring of fire]

   Fire:      It enhances your fire magic.
   Int+6:     It affects your intelligence (+6).
   rF+:       It protects you from fire.
   rC-:       It makes you vulnerable to cold.
   rCorr:     It protects you from acid and corrosion.
 u - the ring "Boufer" {Fly Will+}
   (You found it in Pandemonium)

   [ring of flight]

   Will+:     It increases your willpower.
   Fly:       It grants you flight.
 z - an amulet of regeneration (around neck)
 L - a +6 ring of dexterity
 P - the ring "Hemof" (right hand) {rPois rN+ Will+++ Str-5 Stlth+}
   (You found it on level 3 of the Crypt)

   [ring of positive energy]

   Str-5:     It affects your strength (-5).
   rPois:     It protects you from poison rN+: It protects you from negative
   energy.
   Will+++:   It greatly increases your willpower.
   Stlth+:    It makes you more stealthy.
 S - the ring of Noon (left hand) {Drain rElec rCorr Slay+5 SInv}
   (You found it on level 7 of Tartarus)

   [ring of resist corrosion]

   Slay+5:    It affects your accuracy & damage with ranged weapons and melee
   (+5).
   rElec:     It insulates you from electricity.
   SInv:      It lets you see invisible.
   rCorr:     It protects you from acid and corrosion.
   Drain:     It drains your maximum health when unequipped.
 W - the ring "Bawoe" {rF++ SInv}
   (You took it off a deep elf annihilator on level 3 of the Elven Halls)

   [ring of see invisible]

   rF++:      It greatly protects you from fire.
   SInv:      It lets you see invisible.
Wands
 o - a wand of paralysis (35)
 w - a wand of digging (8)
 D - a wand of polymorph (45)
 V - a wand of acid (43)
 Y - a wand of roots (72)
Scrolls
 i - 22 scrolls of teleportation {!r}
 r - 10 scrolls of immolation
 x - 14 scrolls of fear
 G - 4 scrolls of silence
 I - 4 scrolls of fog
 R - 5 scrolls of enchant armour
 T - 11 scrolls of vulnerability
Potions
 d - 3 potions of berserk rage
 e - 3 potions of heal wounds
 g - a potion of lignification
 j - 8 potions of curing
 k - 11 potions of magic
 l - 2 potions of ambrosia
 m - 5 potions of cancellation
 q - a potion of attraction
 A - 6 potions of enlightenment
 B - 3 potions of resistance
 E - 3 potions of haste
 K - 4 potions of invisibility
Miscellaneous
 U - a phantom mirror


   Skills:
 + Level 23.3 Fighting
 + Level 21.2 Axes
 + Level 20.1 Throwing
 - Level 25.0 Armour
 - Level 1.3 Dodging
 + Level 21.9 Shields
 - Level 2.6 Unarmed Combat
 - Level 5.5 Spellcasting
 - Level 11.0 Translocations
 - Level 10.0 Transmutations
 - Level 9.0 Fire Magic
 - Level 9.0 Air Magic
 - Level 6.0 Earth Magic
 O Level 27 Invocations
 - Level 15.0 Evocations
 - Level 2.6 Shapeshifting


You had 21 spell levels left.
You knew the following spells:

 Your Spells              Type           Power      Damage    Failure   Level
b - Wereblood             Tmut           27%        N/A       3%          2
d - Vhi's Electric Charg  Tloc/Air       54%        N/A       26%         4
f - Blink                 Tloc           58%        N/A       2%          2
l - Volatile Blastmotes   Fire/Tloc      54%        2d14      8%          3
m - Lesser Beckoning      Tloc           58%        N/A       2%          2
r - Passwall              Tmut/Erth      18%        N/A       9%          2
z - Apportation           Tloc           58%        N/A       1%          1

Your spell library contained the following spells:

 Spells                   Type           Power      Damage    Failure   Level
 Gell's Gravitas          Tloc           29%        N/A       4%          3
 Teleport Other           Tloc           29%        N/A       4%          3
 Scorch                   Fire           48%        2d7       6%          2
 Swiftness                Air            24%        N/A       12%         3
 Sandblast                Erth           34%        2d9       13%         1
 Passage of Golubria      Tloc           29%        N/A       17%         4
 Sting                    Tmut/Pois      60%        1d6       21%         1
 Foxfire                  Conj/Fire      56%        2x1d6     24%         1
 Shock                    Conj/Air       56%        1d6       24%         1
 Momentum Strike          Conj/Tloc      32%        3d8       24%         2
 Ignite Poison            Fire/Tmut/Pois 18%        N/A       34%         3
 Poisonous Vapours        Pois/Air       28%        N/A       36%         2
 Static Discharge         Conj/Air       28%        3-5/arc   36%         2
 Airstrike                Air            12%        2d(2-18)  36%         4
 Petrify                  Tmut/Erth      22%        N/A       50%         4
 Cigotuvi's Dreadful Rot  Necr/Pois/Air  20%        N/A       56%         2
 Inner Flame              Hex/Fire       14%        N/A       58%         3
 Mephitic Cloud           Conj/Pois/Air  10%        N/A       80%         3
 Stone Arrow              Conj/Erth      20%        3d8       80%         3
 Freeze                   Ice            12%        1d3       83%         1
 Kiss of Death            Conj/Necr      12%        2d6       83%         1
 Magic Dart               Conj           12%        1d3       83%         1
 Necrotise                Necr           12%        1d4       83%         1
 Summon Small Mammal      Summ           12%        N/A       83%         1
 Iskenderun's Mystic Bla  Conj/Tloc      16%        2d5       85%         4
 Call Imp                 Summ           6%         N/A       93%         2
 Ensorcelled Hibernation  Hex/Ice        6%         N/A       93%         2
 Jinxbite                 Hex            6%         N/A       93%         2
 Searing Ray              Conj           6%         2d4       93%         2
 Sublimation of Blood     Necr           3%         N/A       93%         2
 Flame Wave               Conj/Fire      14%        2d6       94%         4
 Sticky Flame             Conj/Fire      14%        2d4       94%         4
 Summon Lightning Spire   Summ/Air       14%        N/A       94%         4
 Dispersal                Tloc           14%        N/A       95%         6
 Lee's Rapid Deconstruct  Erth           8%         3d7*      98%         5
 Confusing Touch          Hex            3%         N/A       99%         3
 Dazzling Flash           Conj/Hex       6%         N/A       99%         3
 Frozen Ramparts          Ice            6%         1d1       99%         3
 Hailstorm                Conj/Ice       3%         3d3       99%         3
 Ozocubu's Armour         Ice            3%         N/A       99%         3
 Tukima's Dance           Hex            3%         N/A       99%         3
 Animate Armour           Summ/Erth      20%        N/A       99%         4
 Brom's Barrelling Bould  Conj/Erth      10%        2d3       99%         4
 Leda's Liquefaction      Hex/Erth       5%         N/A       99%         4
 Alistair's Intoxication  Tmut/Pois      10%        N/A       99%         5
 Irradiate                Conj/Tmut      7%         3d14      99%         5
 Summon Forest            Summ/Tloc      8%         N/A       99%         5
 Yara's Violent Unravell  Hex/Tmut       7%         3d5       99%         5
 Plasma Beam              Fire/Air       12%        2x1d23    99%         6
 Anguish                  Hex/Necr       1%         N/A       100%        4
 Animate Dead             Necr           3%         N/A       100%        4
 Dispel Undead            Necr           3%         3d7       100%        4
 Fulminant Prism          Conj/Hex       1%         3d5       100%        4
 Olgreb's Toxic Radiance  Pois           3%         N/A       100%        4
 Summon Ice Beast         Ice/Summ       3%         N/A       100%        4
 Agony                    Necr           3%         N/A       100%        5
 Arcjolt                  Conj/Air       7%         1d17      100%        5
 Borgnjor's Vile Clutch   Necr/Erth      5%         N/A       100%        5
 Fireball                 Conj/Fire      7%         3d5       100%        5
 Freezing Cloud           Conj/Ice/Air   5%         6-21      100%        5
 Iskenderun's Battlesphe  Conj           3%         2d6       100%        5
 Metabolic Englaciation   Hex/Ice        1%         N/A       100%        5
 Silence                  Hex/Air        7%         N/A       100%        5
 Summon Mana Viper        Hex/Summ       3%         N/A       100%        5
 Bombard                  Conj/Erth      5%         9d2       100%        6
 Conjure Ball Lightning   Conj/Air       7%         3x3d6     100%        6
 Death Channel            Necr           1%         N/A       100%        6
 Eringya's Noxious Bog    Tmut/Pois      7%         4d6       100%        6
 Simulacrum               Ice/Necr       1%         N/A       100%        6
 Starburst                Conj/Fire      7%         6d4       100%        6
 Summon Cactus Giant      Summ           1%         N/A       100%        6
 Orb of Destruction       Conj           1%         9d5       100%        7
 Ozocubu's Refrigeration  Ice            1%         4d7       100%        7
 Summon Hydra             Summ           1%         N/A       100%        7
 Discord                  Hex            1%         N/A       100%        8
 Disjunction              Tloc           14%        N/A       100%        8
 Ignition                 Fire           12%        3d6       100%        8
 Lehudib's Crystal Spear  Conj/Erth      5%         10d3      100%        8
 Maxwell's Capacitive Co  Air            12%        ∞         100%        8
 Chain Lightning          Conj/Air       7%         3d9       100%        9
 Fire Storm               Conj/Fire      7%         8d2       100%        9
 Polar Vortex             Ice            1%         N/A       100%        9
 Shatter                  Erth           8%         3d10*     100%        9


Dungeon Overview and Level Annotations

Branches:
Dungeon (15/15)            Temple (1/1) D:7            Lair (5/5) D:11
  Swamp (4/4) Lair:3        Snake (4/4) Lair:2        Slime (5/5) Lair:5
    Orc (2/2) D:11            Elf (3/3) Orc:2        Vaults (5/5) D:13
  Crypt (3/3) Vaults:3       Tomb (3/3) Crypt:3      Depths (4/4) D:15
   Hell (visited)             Dis (7/7) Hell            Geh (7/7) Hell
    Coc (7/7) Hell            Tar (7/7) Hell            Zot (5/5) Depths:4
 Bailey (visited)          WizLab (visited)         Desolation (visited)

Altars:
Ashenzari
Cheibriados
Dithmenos
Elyvilon
Fedhas
Gozag
Hepliaklqana
Kikubaaqudgha
Makhleb
Nemelex Xobeh
Okawaru
Qazlal
Ru
Sif Muna
Trog
Uskayaw
Vehumet
Wu Jian
Xom
Yredelemnul
Zin
The Shining One
Jiyva

Shops:
D:7 [   Orc:1 [   Orc:2 [*[([(   Elf:2 ?(?=   Snake:4 (:(?   Vaults:4 *
Depths:1 =:=

Portals:
Hell: Lair:5 Depths:1 Depths:2 Depths:4
Pandemonium: Depths:1
Ziggurat: Dis:7 Depths:2

Annotations:
D:6 Maggie
D:7 exclusion: downstairs
D:11 2 transporters
Snake:1 1 runed translucent door, Launuz's ghost, adept HuMo
Elf:2 3 runed translucent doors, exclusion: downstairs
Zot:5 1 transporter, exclusion: 2 upstairs


Innate Abilities, Weirdness & Mutations

You are completely covered in rugged brown scales. (AC +3, +7% HP)
Armour fits poorly on your strangely shaped body.
You have a long armoured tail.
You roll when moving toward enemies. (Rampage)
Your long tongue fully drains potion bottles. (2x potion effects)
Your tongue gives you trouble enunciating. (1.5x scroll delay)
Your tail ends in a venomous barb.
You are partially covered in iridescent scales. (AC +2)
You have supernaturally acute eyesight. (SInv)
You are clumsy. (Dex -2)
Your body sometimes deteriorates upon taking damage.
You are dopey. (Int -2)
You are very frail. (-20% HP)


Message History

There is a stone staircase leading down here.
There is an escape hatch in the ceiling here.
A mysterious force pulls you upwards. The hatch slams shut behind you.
The gnoll shouts!
You hear a shout!
A gnoll is nearby!
There is a stone staircase leading up here.
You fly upwards.
There is a stone staircase leading down here.
There is an open door here.
You see here a +0 dagger.
You reach down and open the door.
HP restored.
There is an open door here.
There is a stone staircase leading up here.
You fly upwards.
An Executioner and a demonspawn black sun come into view.
There is a stone staircase leading down here.
Blink to where?
Press: ? - help, Dir - move target As you slowly read the scroll of blinking {!r}, it crumbles to dust.
The Executioner gives a hideous shriek!
The demonspawn black sun shouts!
You fly upwards.
There is a stone staircase leading down here.
Blink to where?
Press: ? - help, Dir - move target As you slowly read the scroll of blinking {!r}, it crumbles to dust.
You feel yourself speed up.
You slurp down every last drop of the potion of haste!
Blink to where?
Press: ? - help, Dir - move target As you slowly read the scroll of blinking {!r}, it crumbles to dust.
You see here a +0 leather armour.
Blink to where?
Press: ? - help, Dir - move target As you slowly read the scroll of blinking {!r}, it crumbles to dust.
Your +9 broad axe of holy wrath stops glowing.
The +7 broad axe of Awkenwab {freeze, rElec} glows with a cold blue light!
a - the +7 broad axe of Awkenwab (weapon)
{freeze, rElec} Unknown command.
Okay, then.
You have escaped!

##....#######..#######.....#
#.. #....# #..## ##...P.# ###
####.# #.#######P#...♣.# #.#
#..###P.'.♣#.♣...# ## #.#
##.###P♣.#P.#.P♣..#####.
#.####.####P..####[....##..+.
#......#P♣#P○.P#.P........##.
#####..'.P#♣...'.§...........
#..'.P#P@○.'...♣.♣...#...
#..#P♣#♣○..#...P%P.(.#...
#..### ♣○.####.......#...
#...###PP.# #.......#...
##...###P.+ #.♣....##...
#...###### #...♣.######
##...## #P.P♣.#
###..#######P[..##
##......###...#


There were no monsters in sight!

Vanquished Creatures
  Cerebov (Pan)
  7 pandemonium lords (Pan)
  the Royal Jelly (Slime:5)
  Asmodeus (Geh:7)
  Dissolution (Slime:2)
  Gloorx Vloq (Pan)
  the Serpent of Hell (Dis:7)
  Lom Lobon (Pan)
  Mnoleg (Pan)
  6 dread liches
  Dispater (Dis:7)
  4 ancient liches
  3 orbs of fire (Zot:5)
  Mennas (Crypt:2)
  13 royal mummies
  6 shard shrikes (Coc:7)
  3 Killer Klowns (Zot:5)
  Xtahua (Depths:4)
  2 curse toes
  Vashnia (Snake:4)
  5 caustic shrikes
  Geryon (Hell)
  Bai Suzhen (Swamp:3)
  12 golden dragons
  Nikola (Swamp:3)
  9 profane servitors
  12 bone dragons
  9 doom hounds
  2 electric golems (Zot:5)
  14 Tzitzimimeh
  17 tentacled monstrosities
  The ghost of Oghesh the Warrior, an adept GrIE of Ashenzari (Vaults:4)
  12 hellephants
  17 Brimstone Fiends
  7 iron giants
  14 Ice Fiends
  16 Hell Sentinels
  9 liches
  2 spectral shard shrikes (Tar:3)
  Mlioglotl (Swamp:2)
  13 tainted leviathans
  Grunn (Crypt:1)
  3 deep elf master archers
  10 sphinxes
  29 titans
  5 deep elf blademasters
  22 searing wretches
  25 Orb Guardians (Zot:5)
  3 quicksilver dragons
  Frances (Swamp:1)
  17 Executioners (Pan)
  26 ancient champions
  12 acid blobs
  14 tentacled starspawn
  4 shadow dragons
  9 death cobs
  9 tengu reavers
  11 storm dragons
  Aizul (Snake:3)
  2 revenants
  10 rockslimes
  3 fenstrider witches
  2 demonspawn warmongers (Pan)
  3 nagarajas (Snake:4)
  Donald (Swamp:2)
  2 daevas (Pan)
  4 quicksilver elementals
  3 draconian monks
  2 draconian knights
  4 narguns
  11 azure jellies
  16 deep elf sorcerers
  18 frost giants
  34 balrugs
  23 fire giants
  An iron dragon (Dis:2)
  2 shard shrike simulacra
  3 imperial myrmidons (Desolation)
  2 spectral caustic shrikes (Tar:5)
  3 angels (Pan)
  8 curse skulls
  5 ghost moths
  Louise (Swamp:3)
  14 vault wardens
  6 deep elf elementalists (Elf:3)
  5 draconian scorchers
  4 draconian stormcallers
  5 draconian shifters
  9 ironbound preservers
  13 cacodemons (Pan)
  2 spectral juggernauts (Tar:5)
  9 draconian annihilators
  The ghost of dhlexpress the Marksgargoyle, an adept GrHu of Okawaru (Orc:2)
  3 ghouls
  5 demonspawn corrupters
  A quicksilver ooze (shapeshifter) (Depths:4)
  6 demonspawn blood saints (Pan)
  21 very ugly things
  A caustic shrike skeleton (Crypt:1)
  4 orc warlords
  7 quicksilver oozes
  10 reapers
  18 war gargoyles
  6 ironbound thunderhulks
  7 elemental wellsprings
  21 stone giants
  10 green draconians
  3 demonspawn black suns (Pan)
  A juggernaut skeleton (Depths:1)
  10 formless jellyfish
  3 ophanim
  3 spectral titans (Tar:5)
  6 red draconians
  8 deep elf demonologists
  15 deep elf annihilators
  4 vampire knights
  7 black draconians
  9 purple draconians
  9 yellow draconians
  10 bennus (Tomb:3)
  4 lorocyprocas (Pan)
  A halazid warlock (Desolation)
  5 apis (Pan)
  12 white draconians
  4 bunyips
  6 starcursed masses
  3 eleionomae
  11 putrid mouths
  9 wendigos
  The ghost of poml the Basher, a journeyman DsGl of Hepliaklqana (Lair:5)
  9 iron golems
  A dire elephant (Lair:5)
  5 crystal guardians
  9 green deaths (Pan)
  2 eidola
  7 deep elf death magi
  21 mummy priests
  4 ettins
  10 blizzard demons
  13 deep elf high priests
  6 ragged hierophants (Desolation)
  4 fire dragons
  An entropy weaver (WizLab)
  The ghost of IAmTheZeppo the Fighter, a journeyman MiGl of Okawaru (D:10)
  4 jiangshi
  6 yaktaur captains
  12 servants of whispers (Desolation)
  4 spectral spriggans
  8 great orbs of eyes
  34 vault guards
  2 shambling mangroves
  12 ice dragons
  A quicksilver dragon skeleton (Pan)
  4 rakshasas
  3 hell beasts
  7 juggernaut simulacra
  A spriggan zombie (Crypt:3)
  2 caustic shrike simulacra (Coc:7)
  9 hydras
  20 salamander tyrants
  A sphinx zombie (D:15)
  4 ogre magi (Vaults:5)
  A spriggan air mage (Depths:4)
  9 peacekeepers
  14 ironbound frosthearts
  Erica (D:11)
  An anaconda (shapeshifter) (Vaults:5)
  5 ghost crabs
  6 stokers
  The ghost of Deaphocs the Nimble, a journeyman FeSu of Gozag (Lair:3)
  7 centaur warriors
  3 boulder beetles
  13 anacondas
  5 alligators
  20 death scarabs
  A spectral stone giant (Tar:1)
  14 naga warriors
  12 dancing weapons
  27 large abominations
  6 tengu warriors
  4 vampire magi
  2 death knights (Crypt:2)
  7 deep troll shamans
  45 hell hogs
  9 deep troll earth magi
  7 two-headed ogres
  2 thrashing horrors (Abyss:6)
  A sphinx skeleton (Vaults:3)
  8 naga sharpshooters
  3 spriggan berserkers
  2 orc high priests (Orc:1)
  A spectral naga (Tar:1)
  7 demonic crawlers (Pan)
  Nergalle (D:11)
  Sonja (Orc:2)
  12 shock serpents
  3 spectral dire elephants
  9 occultists
  14 hell knights
  21 soul eaters
  17 deep elf knights
  55 sun demons
  10 wretched stars
  9 crystal echidnas
  A spectral catoblepas (Lair:3)
  2 goliath frogs (Swamp:2)
  7 shadow wraiths
  A fire crab (Lair:3)
  2 spectral anacondas (Tar:5)
  9 salamander mystics
  44 skeletal warriors
  A titan skeleton (Crypt:2)
  15 sixfirhies
  7 iron trolls
  A skyshark (Lair:5)
  A spatial maelstrom (Abyss:6)
  30 deep trolls
  A quicksilver dragon simulacrum (Tomb:2)
  3 glowing orange brains
  An obsidian statue (Orc:2)
  A flayed ghost (Vaults:5)
  4 bog bodies (Swamp:1)
  6 spriggan druids
  5 shadow demons
  A spectral iron dragon (Tar:5)
  A swamp dragon (Swamp:1)
  3 anaconda zombies
  12 arcanists
  4 anaconda skeletons
  4 spriggan simulacra
  12 naga ritualists
  4 orange crystal statues
  A harpy (Vaults:1)
  11 ironbound convokers
  A lindwurm (Lair:5)
  17 deep elf archers
  An alligator zombie (Hell)
  2 bunyip skeletons
  An oklob plant (Lair:5)
  4 necromancers
  A frost giant zombie (Depths:1)
  13 orc knights
  11 phantasmal warriors
  4 orc sorcerers
  28 ugly things
  31 deep elf pyromancers
  34 deep elf zephyrmancers
  23 mana vipers
  2 spectral ettins (Tar:5)
  A shining eye (shapeshifter) (Vaults:5)
  4 cyclopes
  A spectral fire dragon (Tar:1)
  31 salamanders
  2 will-o-the-wisps
  2 shadow dragon skeletons
  6 shining eyes
  2 tengu skeletons
  3 manticores
  A manticore (shapeshifter) (Vaults:5)
  13 moths of wrath
  30 elephants
  2 human skeletons (Vaults:3)
  2 naga zombies
  7 worldbinders (WizLab)
  51 black mambas
  10 guardian serpents
  A rust devil (Pan)
  2 titan simulacra
  A water nymph (shapeshifter) (Vaults:5)
  2 eyes of devastation
  14 cane toads
  25 smoke demons
  A stone giant skeleton (Tomb:2)
  7 vault sentinels
  2 ice statues (Hell)
  7 gargoyles
  12 naga magi
  5 elf skeletons
  12 molten gargoyles
  23 orange demons
  2 unseen horrors
  9 rime drakes
  A torpor snail (Lair:4)
  A pale draconian zombie (Crypt:1)
  15 tormentors
  A naga skeleton (Crypt:3)
  4 spectral swamp worms (Tar:7)
  11 hellions
  11 komodo dragons
  4 efreet
  6 anaconda simulacra
  6 ice devils
  3 bunyip simulacra
  11 freezing wraiths
  A sea snake zombie (Crypt:1)
  A kobold demonologist (D:10)
  3 iron giant simulacra
  11 yaktaurs
  6 ancient zymes
  A minotaur skeleton (Crypt:2)
  A white draconian skeleton (Crypt:1)
  6 spectral harpies
  2 polar bears
  A hydra zombie (Hell)
  A golden dragon simulacrum (Coc:5)
  2 silent spectres (Tar:5)
  4 tengu conjurers
  An unseen horror skeleton (Crypt:2)
  11 red devils
  39 guardian mummies
  A sea snake skeleton (Hell)
  A bloated husk (Swamp:4)
  8 tyrant leeches
  4 trolls
  A hellwing (Pan)
  A tengu simulacrum (Depths:1)
  10 hornets
  Grinder (D:6)
  2 hydra skeletons (Hell)
  An iron dragon simulacrum (Coc:7)
  28 raiju
  A spectral elephant (Lair:3)
  A glass eye (Slime:5)
  An ice dragon zombie (Crypt:1)
  48 saltlings (Desolation)
  15 blink frogs
  2 harpy skeletons (Pan)
  4 dream sheep (Lair:5)
  An ettin zombie (Crypt:3)
  96 slime creatures
  2 air elementals
  2 centaur simulacra (Coc:2)
  33 flying skulls
  2 spriggan skeletons
  2 stone giant simulacra (Coc:3)
  2 ettin skeletons
  5 shadows
  6 wyverns
  A black mamba zombie (Tomb:1)
  13 spriggans
  A naga simulacrum (Coc:5)
  8 humans (D:13)
  6 dire elephant simulacra
  14 ynoxinuls
  55 yaks
  8 ushabtiu
  A vampire (D:11)
  5 basilisks
  3 fire elementals
  11 golden eyes
  6 water elementals
  6 wraiths
  An alligator snapping turtle simulacrum (Coc:3)
  A sea snake simulacrum (Hell)
  3 steam dragons
  12 vampire mosquitoes
  3 swamp worm simulacra (Swamp:4)
  7 harpy simulacra
  21 chaos spawn
  31 neqoxecs
  4 wargs
  2 spectral cane toads (Lair:3)
  A spatial vortex (Abyss:6)
  An acid dragon (D:11)
  32 nagas
  13 swamp worms
  15 water moccasins
  15 hell hounds
  16 hydra simulacra
  A water nymph skeleton (Crypt:2)
  2 glowing shapeshifter skeletons (Vaults:3)
  A fire bat skeleton (Crypt:2)
  39 orc warriors
  4 ettin simulacra
  3 small abominations
  A swamp drake (Swamp:2)
  8 black bears
  3 ice beasts
  An ice dragon simulacrum (Coc:1)
  A spectral rime drake (Lair:3)
  9 wolves
  13 ogres
  4 boggarts
  7 centaurs
  A phantom (D:6)
  A spectral basilisk (Lair:3)
  3 kobold brigands
  11 bullfrogs
  5 earth elementals
  A necrophage (Crypt:1)
  2 gnoll sergeants
  A cyclops zombie (Crypt:1)
  A scorpion (D:3)
  5 wights
  4 killer bees
  A water moccasin skeleton (Crypt:1)
  4 howler monkeys
  A lava snake (Snake:4)
  4 crimson imps (Pan)
  3 hounds
  24 orc priests
  3 gnoll boudas
  15 jellies
  5 iguanas
  7 hell rats (Lair:5)
  20 orc wizards
  A tengu zombie (Crypt:1)
  A deep dwarf skeleton (Crypt:2)
  23 mummies
  32 gnolls
  13 adders
  A white imp (Abyss:2)
  2 ufetubi (D:5)
  5 swamp drake simulacra (Swamp:4)
  3 worms
  4 dart slugs
  124 orcs
  A bat (D:2)
  7 endoplasms
  A giant cockroach (D:3)
  14 goblins
  7 hobgoblins
  13 kobolds
  6 quokkas
  5 ball pythons
  3 frilled lizards
  5 rats
  A spectral kobold (D:2)
  2 ball lightnings (Pan)
  A creeping inferno (Geh:2)
  4 fire vortices
  A lurking horror (Abyss:6)
  10 starspawn tentacles
3483 creatures vanquished.

Vanquished Creatures (collateral kills)
  Antaeus (Coc:7)
  Ereshkigal (Tar:7)
  An ancient lich (Dis:3)
  A juggernaut (Dis:7)
  2 caustic shrikes
  A Tzitzimitl (Tar:7)
  2 iron giants
  An Ice Fiend (Coc:7)
  A Brimstone Fiend (Pan)
  A Hell Sentinel (Dis:6)
  3 ancient champions
  An eldritch tentacle (Pan)
  4 iron dragons
  A balrug (Geh:7)
  A demonspawn corrupter (Pan)
  A demonspawn blood saint (Pan)
  A war gargoyle (Dis:6)
  2 demonspawn black suns (Pan)
  6 iron golems
  An ice dragon (Coc:7)
  4 sun demons (Pan)
  3 large abominations (Pan)
  A molten gargoyle (Geh:7)
  An orange demon (Pan)
  A raiju (Abyss:6)
  3 ynoxinuls (Pan)
  2 chaos spawn (Pan)
48 creatures vanquished.

Vanquished Creatures (others)
  A deep elf master archer (Tomb:3)
  A quicksilver dragon (Dis:2)
  A sphinx (Tomb:1)
  A nargun (Coc:3)
  An azure jelly (Coc:3)
  A frost giant (Pan)
  4 fire giants
  A shard shrike simulacrum (Coc:3)
  A stone giant (Tomb:3)
  2 wendigos
  A white draconian (Pan)
  2 caustic shrike simulacra (Coc:7)
  2 juggernaut simulacra
  An occultist (Depths:2)
  A deep elf knight (Elf:3)
  3 spriggan simulacra
  2 deep elf zephyrmancers (Pan)
  A deep elf pyromancer (Pan)
  A will-o-the-wisp (Swamp:1)
  A naga mage (Snake:4)
  A tormentor (Coc:1)
  An anaconda simulacrum (Coc:3)
  An iron giant simulacrum (Coc:7)
  A troll (Orc:2)
  3 bloated husks
  A saltling (Desolation)
  A spriggan (Swamp:4)
  A shadow (Crypt:3)
  An alligator snapping turtle simulacrum (Coc:3)
  A chaos spawn (Pan)
  A swamp worm (Swamp:1)
  3 harpy simulacra
  A hydra simulacrum (Coc:3)
  An ogre (Vaults:5)
  An ettin simulacrum (Coc:3)
  9 ball lightnings (Pan)
  4 creeping infernos
  10 foxfires
  A lurking horror (Abyss:6)
  25 starspawn tentacles
97 creatures vanquished.

Grand Total: 3628 creatures vanquished

Notes
Turn   | Place    | Note
-------+----------+-------------------------------------------
     0 | D:1      | catclaw the Armataur Shapeshifter began the quest for the
                  | Orb.
     0 | D:1      | Reached XP level 1. HP: 16/16 MP: 1/1
    37 | D:1      | Reached skill level 1 in Fighting
   123 | D:1      | Reached XP level 2. HP: 24/24 MP: 2/2
   136 | D:1      | Reached skill level 1 in Armour
   161 | D:1      | Reached skill level 1 in Axes
   437 | D:2      | Found a faded altar of an unknown god.
   449 | D:2      | Reached XP level 3. HP: 29/29 MP: 3/3
   670 | D:2      | Found a shadowy altar of Dithmenos.
   964 | D:3      | Noticed a scorpion
   968 | D:3      | Killed a scorpion
   969 | D:3      | Reached XP level 4. HP: 23/38 MP: 4/4
  1271 | D:3      | Found a sacrificial altar of Ru.
  1433 | D:3      | Reached XP level 5. HP: 43/43 MP: 5/5
  1816 | D:4      | Found a glowing silver altar of Zin.
  2033 | D:4      | Reached XP level 6. HP: 44/53 MP: 6/6
  2208 | D:5      | Entered Level 5 of the Dungeon
  2374 | D:5      | Reached skill level 1 in Throwing
  2454 | D:4      | Reached XP level 7. HP: 51/60 MP: 7/7
  2582 | D:5      | Found a shimmering altar of Xom.
  2582 | D:5      | Found a bloodstained altar of Trog.
  2582 | D:5      | Found a basalt altar of Yredelemnul.
  3091 | D:6      | Noticed Maggie
  3369 | D:6      | Reached skill level 5 in Axes
  3369 | D:6      | Reached skill level 5 in Armour
  3432 | D:6      | Reached XP level 8. HP: 67/70 MP: 8/8
  3501 | D:6      | Noticed Grinder
  3535 | D:6      | Killed Grinder
  3712 | D:7      | Found a staircase to the Ecumenical Temple.
  3810 | Temple   | Entered the Ecumenical Temple
  3826 | Temple   | Became a worshipper of Warmaster Okawaru
  3932 | D:7      | Reached skill level 5 in Fighting
  3948 | D:7      | Reached skill level 1 in Invocations
  3961 | D:7      | Reached XP level 9. HP: 56/79 MP: 8/10
  3965 | D:7      | Reached * piety under Okawaru
  3972 | D:7      | Reached skill level 2 in Invocations
  4182 | D:7      | Reached ** piety under Okawaru
  4207 | D:7      | Found Nyrhubb Poost's Antique Armour Shop.
  4215 | D:7      | Bought an ichor-stained kite shield for 199 gold pieces
  4215 | D:7      | Identified the +0 kite shield "Xotriy" {Will+ rCorr} (You
                  | bought it in a shop on level 7 of the Dungeon)
  4493 | D:6      | Reached skill level 1 in Shields
  4818 | D:8      | Reached skill level 3 in Invocations
  5051 | D:8      | Reached *** piety under Okawaru
  5066 | D:8      | Reached XP level 10. HP: 87/88 MP: 12/12
  5286 | D:8      | Noticed a two-headed ogre
  5293 | D:8      | Killed a two-headed ogre
  5312 | D:8      | Reached **** piety under Okawaru
  5323 | D:8      | Reached skill level 4 in Invocations
  5555 | D:9      | Found an ornate altar of the Wu Jian Council.
  5710 | D:9      | Identified the +10 quarterstaff "Naedauci" {heavy, rF+
                  | Str+4}
  5951 | D:9      | Found a flagged portal.
  5983 | Bailey   | Entered a bailey
  6296 | D:9      | Found a hide-covered altar of Uskayaw.
  6572 | D:10     | Entered Level 10 of the Dungeon
  6677 | D:10     | Reached ***** piety under Okawaru
  6703 | D:10     | Found a large runed translucent door.
  6703 | D:10     | Found a large runed translucent door.
  6707 | D:10     | Noticed IAmTheZeppo's ghost (journeyman MiGl)
  6852 | D:10     | Identified the +7 war axe of Crusades {venom, rElec rF+
                  | rC+}
  6927 | D:10     | Found an ancient bone altar of Kikubaaqudgha.
  6928 | D:10     | Found a snail-covered altar of Cheibriados.
  6961 | D:10     | Reached XP level 11. HP: 69/97 MP: 14/14
  7043 | D:10     | Noticed an orc knight
  7043 | D:10     | Noticed a boulder beetle
  7043 | D:10     | Noticed a centaur warrior
  7076 | D:9      | Killed a centaur warrior
  7077 | D:9      | Reached skill level 1 in Evocations
  7292 | D:10     | Reached skill level 5 in Invocations
  7295 | D:10     | Reached skill level 5 in Throwing
  7381 | D:10     | Killed a boulder beetle
  7396 | D:10     | Noticed a two-headed ogre
  7404 | D:10     | Reached skill level 5 in Shields
  7405 | D:10     | Killed a two-headed ogre
  7405 | D:10     | Received a gift from Okawaru
  7473 | D:10     | Noticed a cyan ugly thing
  7487 | D:10     | Killed a cyan ugly thing
  7493 | D:10     | Noticed a tengu warrior
  7719 | D:11     | Noticed Erica
  7736 | D:11     | Killed Erica
  7802 | D:11     | Found a staircase to the Orcish Mines.
  7846 | D:11     | Reached skill level 10 in Axes
  7908 | D:11     | Reached skill level 10 in Armour
  7908 | D:11     | Reached XP level 12. HP: 55/108 MP: 15/15
  8055 | D:11     | Noticed Nergalle
  8066 | D:11     | Killed Nergalle
  8108 | D:11     | Found a transporter.
  8111 | D:11     | Found a transporter.
  8114 | D:11     | Found a transporter.
  8114 | D:11     | Found a transporter.
  8198 | D:11     | Noticed a two-headed ogre
  8209 | D:11     | Killed a two-headed ogre
  8474 | D:10     | Identified the ring of the Morning {rC+ rCorr Int+2 Dex-4}
  8511 | D:10     | Killed a tengu warrior
  8511 | D:10     | Received a gift from Okawaru
  8795 | D:11     | Found a staircase to the Lair.
  8826 | Lair:1   | Entered Level 1 of the Lair of Beasts
  9027 | Lair:1   | Identified the +13 plate armour of the Cooper {Contam rPois
                  | Str+2}
  9154 | Lair:1   | You fall into a shaft and drop 1 floor!
  9251 | Lair:2   | Reached skill level 5 in Evocations
  9328 | Lair:3   | Received a gift from Okawaru
  9361 | Lair:3   | Reached ****** piety under Okawaru
  9389 | Lair:3   | Reached XP level 13. HP: 38/117 MP: 14/16
  9623 | Lair:3   | You fall into a shaft and drop 2 floors!
  9623 | Lair:5   | Entered Level 5 of the Lair of Beasts
  9632 | Lair:5   | Received a gift from Okawaru
  9671 | Lair:5   | Found a staircase to the Slime Pits.
  9716 | Lair:5   | Found a viscous altar of Jiyva.
  9848 | Lair:5   | Received a gift from Okawaru
  9853 | Lair:5   | Gained mutation: You are frail. (-10% HP) [potion of
                  | mutation]
  9853 | Lair:5   | Gained mutation: You are partially covered in iridescent
                  | scales. (AC +2) [potion of mutation]
  9853 | Lair:5   | Gained mutation: You have a pair of small horns on your
                  | head. [potion of mutation]
  9865 | Lair:5   | Lost mutation: You are partially covered in iridescent
                  | scales. (AC +2) [potion of mutation]
  9865 | Lair:5   | Lost mutation: You have a pair of small horns on your head.
                  | [potion of mutation]
  9865 | Lair:5   | Lost mutation: You are frail. (-10% HP) [potion of
                  | mutation]
  9865 | Lair:5   | Gained mutation: Your flesh is cold resistant. (rC+)
                  | [potion of mutation]
  9865 | Lair:5   | Gained mutation: You are clumsy. (Dex -2) [potion of
                  | mutation]
  9865 | Lair:5   | Lost mutation: You are clumsy. (Dex -2) [potion of
                  | mutation]
  9865 | Lair:5   | Gained mutation: You are partially covered in iridescent
                  | scales. (AC +2) [potion of mutation]
  9865 | Lair:5   | Gained mutation: You sometimes lose your temper in combat.
                  | [potion of mutation]
  9865 | Lair:5   | Gained mutation: You expend magic power (3 MP) to
                  | strengthen your wands. [potion of mutation]
  9865 | Lair:5   | Gained mutation: You have hidden genetic potential. [potion
                  | of mutation]
  9866 | Lair:5   | Lost mutation: You sometimes lose your temper in combat.
                  | [potion of mutation]
  9866 | Lair:5   | Lost mutation: You expend magic power (3 MP) to strengthen
                  | your wands. [potion of mutation]
  9866 | Lair:5   | Lost mutation: You have hidden genetic potential. [potion
                  | of mutation]
  9866 | Lair:5   | Lost mutation: Your flesh is cold resistant. (rC+) [potion
                  | of mutation]
  9866 | Lair:5   | Lost mutation: You are partially covered in iridescent
                  | scales. (AC +2) [potion of mutation]
  9866 | Lair:5   | Gained mutation: You occasionally shout uncontrollably at
                  | your foes. [potion of mutation]
  9866 | Lair:5   | Gained mutation: You expend magic power (3 MP) to
                  | strengthen your wands. [potion of mutation]
  9866 | Lair:5   | Gained mutation: You are agile. (Dex +4, Str/Int -1)
                  | [potion of mutation]
  9867 | Lair:5   | Lost mutation: You are agile. (Dex +4, Str/Int -1) [potion
                  | of mutation]
  9867 | Lair:5   | Lost mutation: You expend magic power (3 MP) to strengthen
                  | your wands. [potion of mutation]
  9867 | Lair:5   | Lost mutation: You occasionally shout uncontrollably at
                  | your foes. [potion of mutation]
  9867 | Lair:5   | Gained mutation: You are strong-willed. (Will+) [potion of
                  | mutation]
  9867 | Lair:5   | Gained mutation: You are resistant to electric shocks.
                  | (rElec) [potion of mutation]
  9867 | Lair:5   | Gained mutation: You occasionally lose the ability to drink
                  | potions when taking damage. [potion of mutation]
  9867 | Lair:5   | Gained mutation: You are somewhat resistant to further
                  | mutation. [potion of mutation]
  9911 | Lair:5   | Reached skill level 6 in Invocations
 10195 | Lair:5   | Received a gift from Okawaru
 10252 | Lair:5   | Found a runed translucent gate.
 10252 | Lair:5   | Found a runed translucent gate.
 10253 | Lair:5   | Found a runed translucent gate.
 10254 | Lair:5   | Noticed poml's ghost (journeyman DsGl)
 10316 | Lair:5   | Killed poml's ghost
 10317 | Lair:5   | Reached XP level 14. HP: 106/127 MP: 18/18
 10506 | Lair:5   | Reached skill level 10 in Fighting
 10663 | Lair:5   | Found a burning altar of Makhleb.
 10669 | Lair:5   | Found a gateway to Hell.
 10756 | Lair:4   | Received a gift from Okawaru
 11279 | Lair:3   | Found a runed translucent door.
 11280 | Lair:3   | Noticed Deaphocs's ghost (journeyman FeSu)
 11294 | Lair:3   | Killed Deaphocs's ghost
 11295 | Lair:3   | Reached skill level 7 in Invocations
 11678 | Lair:2   | Received a gift from Okawaru
 11714 | Lair:2   | Found a staircase to the Snake Pit.
 12017 | Orc:1    | Entered Level 1 of the Orcish Mines
 12162 | Orc:2    | Entered Level 2 of the Orcish Mines
 12249 | Orc:1    | Found Geleedyf's Antique Armour Emporium.
 12331 | Orc:2    | Found Teucwa's Antique Armour Emporium.
 12403 | Orc:2    | Found Tonwetzu's Weapon Emporium.
 12417 | Orc:2    | Bought a throwing net for 48 gold pieces
 12532 | Orc:2    | Found a staircase to the Elven Halls.
 12563 | Orc:2    | Noticed an orc warlord
 12615 | Orc:2    | Killed an orc warlord
 12623 | Orc:2    | Reached skill level 10 in Shields
 12630 | Orc:2    | Received a gift from Okawaru
 12761 | Orc:2    | Found Gyumn's Antique Weapon Shop.
 12765 | Orc:2    | Found Put Faih's Antique Armour Boutique.
 12829 | Orc:2    | Found Siucwaud's Antique Armour Emporium.
 12874 | Orc:2    | Found a runed translucent gate.
 12875 | Orc:2    | Found a runed translucent gate.
 12875 | Orc:2    | Found an opulent altar of Gozag.
 12876 | Orc:2    | Found a runed translucent gate.
 12904 | Orc:2    | Noticed dhlexpress's ghost (adept GrHu)
 12906 | Orc:2    | Found Niofru's Assorted Antiques.
 12975 | Orc:2    | Killed dhlexpress's ghost
 13023 | Orc:2    | Bought a fizzy white potion for 20 gold pieces
 13023 | Orc:2    | Bought a scroll of immolation for 92 gold pieces
 13023 | Orc:2    | Bought a scroll of enchant armour for 172 gold pieces
 13023 | Orc:2    | Bought a scroll labelled MUILUBBOME for 23 gold pieces
 13023 | Orc:2    | Bought a wand of flame (6) for 96 gold pieces
 13182 | Orc:2    | Noticed Sonja
 13185 | Orc:2    | Killed Sonja
 13246 | Desolati | Identified the "Jaubb"
 13246 | Crypt:3  | Identified the "Vuamm"
 13246 | WizLab   | Identified the "Falettoev"
 13246 | Elf:1    | Entered Level 1 of the Elven Halls
 13269 | Elf:1    | Reached XP level 15. HP: 112/136 MP: 20/20
 13657 | Elf:1    | Noticed a Hell Sentinel
 13720 | Elf:1    | Noticed a Tzitzimitl
 13755 | Elf:1    | Received a gift from Okawaru
 13800 | Elf:1    | Identified the +8 hand axe of Annoyance {freeze, rElec}
 13824 | Elf:1    | Reached skill level 8 in Invocations
 14203 | Elf:2    | Found Milus's Jewellery Shoppe.
 14236 | Elf:2    | Received a gift from Okawaru
 14387 | Elf:2    | Found Zuteyjing's Weapon Boutique.
 14452 | Elf:2    | Found Muduihu's Magic Scroll Shop.
 14458 | Elf:2    | Bought a scroll of blinking for 150 gold pieces
 14458 | Elf:2    | Bought a scroll of identify for 40 gold pieces
 14458 | Elf:2    | Bought a scroll of teleportation for 60 gold pieces
 14458 | Elf:2    | Bought a scroll of vulnerability for 80 gold pieces
 14519 | Elf:2    | Found Derasill's Magic Scroll Shoppe.
 14527 | Elf:2    | Bought a scroll of teleportation for 63 gold pieces
 14527 | Elf:2    | Bought a scroll of blinking for 157 gold pieces
 14527 | Elf:2    | Bought a scroll of teleportation for 63 gold pieces
 14527 | Elf:2    | Bought 2 scrolls of fog for 168 gold pieces
 14527 | Elf:2    | Bought a scroll of identify for 42 gold pieces
 14531 | Elf:2    | Identified a scroll of acquirement
 14531 | Elf:2    | Acquired the +3 hat "Leick" {rF+}
 14575 | Elf:2    | Found a runed translucent gate.
 14575 | Elf:2    | Found a runed translucent gate.
 14576 | Elf:2    | Found a runed translucent gate.
 14642 | Elf:3    | Identified the "Elojeej"
 14642 | Elf:3    | Identified the "Esticw"
 14642 | Elf:3    | Identified the of Xuidikey
 14642 | Elf:3    | Identified the of Yronuimm
 14642 | Elf:3    | Entered Level 3 of the Elven Halls
 14664 | Elf:3    | Received a gift from Okawaru
 14971 | Elf:3    | Noticed a deep elf sorcerer
 15083 | Elf:3    | Noticed a deep elf sorcerer
 15106 | Elf:3    | Killed a deep elf sorcerer
 15106 | Elf:3    | Received a gift from Okawaru
 15177 | Elf:3    | Noticed a deep elf sorcerer
 15198 | Elf:3    | Killed a deep elf sorcerer
 15237 | Elf:3    | Reached XP level 16. HP: 86/147 MP: 22/22
 15300 | Elf:3    | Reached skill level 9 in Invocations
 15313 | Elf:3    | Received a gift from Okawaru
 15700 | Elf:3    | Noticed a deep elf blademaster
 15713 | Elf:3    | Killed a deep elf blademaster
 15723 | Elf:3    | Noticed a deep elf master archer
 15731 | Elf:3    | Killed a deep elf master archer
 15759 | Elf:3    | Identified the ring "Bawoe" {rF++ SInv}
 15842 | Elf:3    | Received a gift from Okawaru
 15849 | Elf:3    | Identified the +6 scale mail "Nyngoug" {rC+}
 15999 | Elf:3    | Identified the ring of the Firefly {Ice rPois Slay-2 SInv
                  | Stlth+}
 16051 | Elf:3    | Received a gift from Okawaru
 16115 | Elf:3    | Noticed an Executioner
 16116 | Elf:3    | Reached skill level 15 in Axes
 16308 | Elf:3    | Learned a level 1 spell: Apportation
 16612 | Snake:1  | Entered Level 1 of the Snake Pit
 16679 | Snake:1  | Reached skill level 15 in Armour
 16721 | Snake:1  | Reached skill level 10 in Invocations
 16899 | Snake:1  | Reached XP level 17. HP: 121/156 MP: 13/24
 16964 | Snake:1  | Found a runed translucent door.
 16966 | Snake:1  | Noticed Launuz's ghost (adept HuMo)
 17116 | Snake:2  | Received a gift from Okawaru
 17658 | Snake:2  | Reached skill level 10 in Throwing
 17752 | Snake:3  | Received a gift from Okawaru
 17760 | Snake:3  | Acquired a +1 vampiric broad axe
 17760 | Snake:3  | Received a gift from Okawaru
 17765 | Snake:3  | Acquired the +0 barding "Fomiack" {rC++ Str+3 Int+2}
 17765 | Snake:3  | Received a gift from Okawaru
 17785 | Snake:3  | Identified the serpent talisman "Ixaysti" {Fly rF- Dex+3}
 17785 | Snake:3  | Noticed Aizul
 17808 | Snake:3  | Killed Aizul
 18202 | Snake:3  | Received a gift from Okawaru
 18369 | Snake:4  | Entered Level 4 of the Snake Pit
 18388 | Snake:4  | Found Olucvux's Antique Weapon Shoppe.
 18466 | Snake:4  | Received a gift from Okawaru
 18490 | Snake:4  | Found Ihicw's Book Shoppe.
 18497 | Snake:4  | Found Citali's Weapon Boutique.
 18570 | Snake:4  | Bought a book of Burglary for 420 gold pieces
 18573 | Snake:4  | Learned a level 2 spell: Passwall
 18646 | Snake:4  | Noticed Vashnia
 18673 | Snake:4  | Reached XP level 18. HP: 150/170 MP: 12/25
 18698 | Snake:4  | Received a gift from Okawaru
 18710 | Snake:4  | Killed Vashnia
 18881 | Snake:4  | Found Inkeluar's Magic Scroll Boutique.
 18889 | Snake:4  | Bought a scroll of enchant armour for 135 gold pieces
 18889 | Snake:4  | Bought a scroll of blinking for 135 gold pieces
 18889 | Snake:4  | Bought a scroll of immolation for 72 gold pieces
 18889 | Snake:4  | Bought 3 scrolls of teleportation for 162 gold pieces
 18889 | Snake:4  | Bought a scroll of teleportation for 54 gold pieces
 19057 | Snake:4  | Received a gift from Okawaru
 19241 | Snake:4  | Got a serpentine rune of Zot
 19621 | Lair:3   | Found a staircase to the Swamp.
 19634 | Swamp:1  | Entered Level 1 of the Swamp
 19713 | Swamp:1  | Reached skill level 15 in Fighting
 19736 | Swamp:1  | Noticed Frances
 19747 | Swamp:1  | Killed Frances
 19787 | Swamp:1  | Received a gift from Okawaru
 20212 | Swamp:2  | Noticed Donald
 20226 | Swamp:2  | Killed Donald
 20253 | Swamp:2  | Noticed Mlioglotl
 20272 | Swamp:2  | Received a gift from Okawaru
 20285 | Swamp:2  | Killed Mlioglotl
 20652 | Swamp:3  | Noticed Louise
 20652 | Swamp:3  | Noticed Bai Suzhen
 20698 | Swamp:3  | Killed Louise
 20736 | Swamp:3  | Killed Bai Suzhen
 20737 | Swamp:3  | Reached XP level 19. HP: 176/184 MP: 24/26
 20787 | Swamp:3  | Noticed Nikola
 20801 | Swamp:3  | Killed Nikola
 20898 | Swamp:4  | Entered Level 4 of the Swamp
 21208 | Swamp:4  | Got a decaying rune of Zot
 21312 | Swamp:4  | Received a gift from Okawaru
 21466 | Slime:1  | Entered Level 1 of the Pits of Slime
 21580 | Slime:3  | Noticed Dissolution
 21601 | Slime:2  | Killed Dissolution
 21647 | Slime:3  | Paralysed by a formless jellyfish for 1 turns
 21722 | Slime:4  | Received a gift from Okawaru
 21826 | Slime:5  | Entered Level 5 of the Pits of Slime
 21965 | Slime:5  | Reached skill level 15 in Shields
 21986 | Slime:5  | Noticed the Royal Jelly
 22001 | Slime:5  | Killed the Royal Jelly
 22049 | Slime:5  | Paralysed by a formless jellyfish for 1 turns
 22099 | Slime:5  | Identified the +0 hand axe of Patience {freeze, rElec rC+
                  | rCorr}
 22148 | Slime:5  | Identified the +7 broad axe of Awkenwab {freeze, rElec}
 22160 | Slime:5  | Identified the staff of Grontol {rElec rN++ Will+ Dex-4
                  | Earth}
 22237 | Slime:5  | Got a slimy rune of Zot
 22238 | Slime:5  | Identified the ring of Lugonu's Pride {Fire rCorr Int+6}
 22511 | D:12     | Reached skill level 5 in Spellcasting
 22511 | D:12     | Reached XP level 20. HP: 196/196 MP: 26/28
 22511 | D:12     | Reached XP level 21. HP: 205/205 MP: 26/29
 22791 | D:13     | Reached XP level 22. HP: 205/214 MP: 27/30
 22806 | D:13     | Found a gate to the Vaults.
 22827 | Vaults:1 | Entered Level 1 of the Vaults
 22833 | Vaults:1 | You fall into a shaft and drop 1 floor!
 22857 | Vaults:1 | Received a gift from Okawaru
 22858 | Vaults:1 | Reached skill level 1 in Translocations
 22922 | Vaults:3 | Reached skill level 1 in Transmutations
 22922 | Vaults:3 | Reached skill level 1 in Earth Magic
 23027 | Vaults:3 | Found a crumbling gateway.
 23034 | Desolati | Entered the Desolation of Salt
 23086 | Desolati | Received a gift from Okawaru
 23181 | Desolati | Identified the +11 orcbow of Impatience {heavy, rN++}
 23262 | Desolati | Found the +5 robe of Night {Dark Will+ SInv}
 23326 | Desolati | Found the +5 Storm Queen's Shield {shock, Fly rElec}
 23392 | Desolati | Identified the +6 broad axe of Entrepreneurial Spirit
                  | {flame, rF+}
 23408 | Desolati | Lost mutation: You are resistant to electric shocks.
                  | (rElec) [potion of mutation]
 23408 | Desolati | Lost mutation: You are somewhat resistant to further
                  | mutation. [potion of mutation]
 23408 | Desolati | Lost mutation: You are strong-willed. (Will+) [potion of
                  | mutation]
 23408 | Desolati | Lost mutation: You occasionally lose the ability to drink
                  | potions when taking damage. [potion of mutation]
 23408 | Desolati | Gained mutation: You are strong-willed. (Will+) [potion of
                  | mutation]
 23408 | Desolati | Gained mutation: You occasionally lose the ability to read
                  | scrolls when taking damage. [potion of mutation]
 23408 | Desolati | Gained mutation: Your mind is acute. (Int +4, Str/Dex -1)
                  | [potion of mutation]
 23409 | Desolati | Lost mutation: Your mind is acute. (Int +4, Str/Dex -1)
                  | [potion of mutation]
 23409 | Desolati | Lost mutation: You are strong-willed. (Will+) [potion of
                  | mutation]
 23409 | Desolati | Lost mutation: You occasionally lose the ability to read
                  | scrolls when taking damage. [potion of mutation]
 23409 | Desolati | Gained mutation: You have a pair of small horns on your
                  | head. [potion of mutation]
 23409 | Desolati | Gained mutation: You have large cloven feet. [potion of
                  | mutation]
 23409 | Desolati | Gained mutation: You passively dampen the noise of your
                  | surroundings. [potion of mutation]
 23409 | Desolati | Gained mutation: You occasionally shout uncontrollably at
                  | your foes. [potion of mutation]
 23409 | Desolati | Gained mutation: You possess an exceptional clarity of
                  | mind. [potion of mutation]
 23409 | Desolati | Gained mutation: You are dopey. (Int -2) [potion of
                  | mutation]
 23409 | Desolati | Gained mutation: You have hoof-like feet. [potion of
                  | mutation]
 23694 | Vaults:4 | Received a gift from Okawaru
 23794 | Vaults:4 | Found Ivvomp's Assorted Antiques.
 23894 | Vaults:5 | Entered Level 5 of the Vaults
 23898 | Vaults:5 | Noticed an ancient lich
 23913 | Vaults:5 | Killed an ancient lich
 24000 | Vaults:5 | Received a gift from Okawaru
 24102 | Vaults:5 | Learned a level 2 spell: Wereblood
 24105 | Vaults:5 | Learned a level 2 spell: Blink
 24215 | Vaults:5 | Noticed a dread lich
 24221 | Vaults:5 | Killed a dread lich
 24255 | Vaults:5 | Identified the +1 arbalest of the Lusting Lamprey {heavy,
                  | rF- rC++ Str+3 Stlth+}
 24257 | Vaults:5 | Reached XP level 23. HP: 225/225 MP: 31/31
 24273 | Vaults:5 | Identified the +3 whip "Seemafru" {venom, Fragile rN+ Dex+4
                  | Stlth+}
 24290 | Vaults:5 | Received a gift from Okawaru
 24477 | Vaults:5 | Identified the +11 battleaxe "Vyuhum" {freeze, rElec Int+3
                  | Dex+3}
 24518 | Vaults:5 | Reached skill level 5 in Translocations
 24570 | Vaults:5 | Identified the +9 battleaxe "Hydrabane" {heavy, MP-9 Str+5}
 24592 | Abyss:2  | Cast into level 2 of the Abyss (a deep elf sorcerer)
 24595 | Abyss:2  | Found a corrupted altar of Lugonu.
 24763 | Abyss:3  | Found a corrupted altar of Lugonu.
 24934 | Vaults:5 | Escaped the Abyss
 24940 | Vaults:5 | Reached skill level 5 in Transmutations
 24997 | Vaults:5 | Lost mutation: You passively dampen the noise of your
                  | surroundings. [mutagenic glow]
 25113 | Vaults:5 | Identified the +11 morningstar of Uveg {elec, rC+ rN+ rCorr
                  | Dex+2}
 25185 | Vaults:5 | Received a gift from Okawaru
 25189 | Vaults:5 | Identified the +2 quarterstaff "Myestry" {freeze, Int+7}
 25206 | Vaults:5 | Noticed a dread lich
 25219 | Vaults:5 | Killed a dread lich
 25282 | Vaults:5 | Got a silver rune of Zot
 25399 | Vaults:4 | Received a gift from Okawaru
 25438 | Vaults:4 | Noticed a dread lich
 25561 | Vaults:4 | Found a runed translucent door.
 25561 | Vaults:4 | Noticed Oghesh's ghost (adept GrIE)
 25598 | Vaults:4 | Killed Oghesh's ghost
 26183 | Vaults:3 | Identified the +0 sling "Uthrof" {antimagic, rCorr Dex+3}
 26355 | Vaults:3 | Found a staircase to the Crypt.
 26429 | Vaults:2 | Received a gift from Okawaru
 26646 | Vaults:1 | Reached XP level 24. HP: 233/237 MP: 30/31
 26668 | Vaults:1 | Identified the +6 long sword of Beogh's Whim {speed, rF-
                  | rN+ Int+4}
 26763 | Vaults:1 | Received a gift from Okawaru
 27200 | D:15     | Entered Level 15 of the Dungeon
 27507 | D:15     | Found a staircase to the Depths.
 27617 | Depths:1 | Entered Level 1 of the Depths
 27647 | Depths:1 | Received a gift from Okawaru
 27972 | Depths:1 | Found Jyev's Book Emporium.
 27973 | Depths:1 | Found Palonuf's Jewellery Shop.
 27974 | Depths:1 | Found Omyun's Jewellery Shop.
 27983 | Depths:1 | Bought the Compendium of the Vector for 456 gold pieces
 27983 | Depths:1 | Bought a book of Blasting for 532 gold pieces
 28158 | Depths:1 | Found a one-way gate leading to the halls of Pandemonium.
 28367 | Depths:1 | Found a magical portal.
 28381 | WizLab   | Entered Alistair's Party Mansion
 28436 | WizLab   | Received a gift from Okawaru
 28685 | WizLab   | Acquired 836 gold pieces
 28909 | D:14     | Learned a level 2 spell: Lesser Beckoning
 28913 | D:14     | Learned a level 3 spell: Volatile Blastmotes
 28982 | D:10     | Killed IAmTheZeppo's ghost
 29147 | Temple   | Fell from the grace of Okawaru
 29147 | Temple   | Became a worshipper of the Shining One
 29215 | D:9      | You are sucked into a shaft and drop 1 floor!
 29435 | Crypt:1  | Entered Level 1 of the Crypt
 29479 | Crypt:1  | Reached * piety under the Shining One
 29482 | Crypt:1  | Reached skill level 1 in Fire Magic
 29619 | Crypt:1  | Reached ** piety under the Shining One
 29697 | Crypt:1  | Noticed Grunn
 29784 | Crypt:1  | Reached *** piety under the Shining One
 29802 | Crypt:1  | Killed Grunn
 29803 | Crypt:1  | Reached XP level 25. HP: 198/247 MP: 31/31
 29949 | Crypt:2  | Reached skill level 11 in Invocations
 29973 | Crypt:2  | Reached **** piety under the Shining One
 30172 | Crypt:2  | Reached ***** piety under the Shining One
 30206 | Crypt:2  | Noticed Mennas
 30208 | Crypt:2  | Found a basalt altar of Yredelemnul.
 30252 | Crypt:2  | Killed Mennas
 30330 | Crypt:3  | Entered Level 3 of the Crypt
 30384 | Crypt:3  | Reached skill level 5 in Fire Magic
 30631 | Crypt:3  | Reached ****** piety under the Shining One
 30633 | Crypt:3  | Identified a +9 broad axe of holy wrath (a +8 vampiric
                  | broad axe blessed by the Shining One)
 30633 | Crypt:3  | Received a gift from the Shining One
 30671 | Crypt:3  | Found an ancient bone altar of Kikubaaqudgha.
 30673 | Crypt:3  | Noticed a dread lich
 30679 | Crypt:3  | Paralysed by a dread lich for 3 turns
 30685 | Crypt:3  | Killed a dread lich
 30695 | Crypt:3  | Reached skill level 12 in Invocations
 30707 | Crypt:3  | Identified the ring "Hemof" {rPois rN+ Will+++ Str-5
                  | Stlth+}
 30719 | Crypt:3  | Noticed an ancient lich
 30727 | Crypt:3  | Killed an ancient lich
 30796 | Crypt:3  | Found a staircase to the Tomb.
 30803 | Tomb:1   | Entered Level 1 of the Tomb of the Ancients
 30963 | Tomb:1   | Reached skill level 13 in Invocations
 31039 | Tomb:1   | Noticed a royal mummy
 31050 | Tomb:1   | Killed a royal mummy
 31362 | Tomb:2   | Noticed a royal mummy
 31377 | Tomb:2   | Killed a royal mummy
 31385 | Tomb:2   | Noticed a royal mummy
 31392 | Tomb:2   | Noticed a royal mummy
 31402 | Tomb:2   | Killed a royal mummy
 31402 | Tomb:2   | Noticed a royal mummy
 31406 | Tomb:2   | Killed a royal mummy
 31421 | Tomb:2   | Killed a royal mummy
 31422 | Tomb:2   | Reached skill level 14 in Invocations
 31561 | Tomb:3   | Identified the "Qoadaal"
 31561 | Tomb:3   | Entered Level 3 of the Tomb of the Ancients
 31583 | Tomb:3   | Reached skill level 15 in Invocations
 31596 | Tomb:3   | Noticed a royal mummy
 31605 | Tomb:3   | Killed a royal mummy
 31616 | Tomb:3   | Reached XP level 26. HP: 231/256 MP: 30/34
 31628 | Tomb:3   | Noticed a royal mummy
 31630 | Tomb:3   | Noticed a royal mummy
 31634 | Tomb:3   | Killed a royal mummy
 31635 | Tomb:3   | Reached skill level 16 in Invocations
 31641 | Tomb:3   | Killed a royal mummy
 31679 | Tomb:3   | Noticed a royal mummy
 31691 | Tomb:3   | Killed a royal mummy
 31711 | Tomb:3   | Reached skill level 17 in Invocations
 31787 | Tomb:3   | Found the +8 Wrath of Trog {antimagic, *Rage Rampage}
 31809 | Tomb:3   | Identified the staff of the Shore {rF+ Str-2 Dex+5 SInv
                  | Fire Ice}
 31830 | Tomb:3   | Identified the +5 chain mail of Focus {Harm}
 31885 | Tomb:3   | Noticed a royal mummy
 31893 | Tomb:3   | Killed a royal mummy
 31893 | Tomb:3   | Noticed a royal mummy
 31896 | Tomb:3   | Noticed a royal mummy
 31899 | Tomb:3   | Killed a royal mummy
 31905 | Tomb:3   | Killed a royal mummy
 31917 | Tomb:3   | Noticed a royal mummy
 31927 | Tomb:3   | Killed a royal mummy
 31941 | Tomb:3   | Got a golden rune of Zot
 32644 | Tar:7    | Identified the "Geasojeju"
 32644 | Coc:7    | Identified the "Vonank"
 32644 | Dis:7    | Identified the "Boirgha"
 32644 | Dis:7    | Identified the of Orruzan
 32644 | Dis:7    | Identified the "Otusch"
 32644 | Dis:7    | Identified the "Zomatan"
 32644 | Pan      | Entered Pandemonium
 32976 | Pan      | Found an exit through the horrors of the Abyss.
 33044 | Pan      | Noticed Zinit the pandemonium lord
 33053 | Pan      | Killed Zinit the pandemonium lord
 33085 | Pan      | Found a transporter.
 33085 | Pan      | Found a transporter.
 33104 | Pan      | Noticed Suqymoh the pandemonium lord
 33115 | Pan      | Killed Suqymoh the pandemonium lord
 33143 | Pan      | Reached skill level 10 in Evocations
 33167 | Pan      | Got a demonic rune of Zot
 33302 | Pan      | Noticed Rarghiups the pandemonium lord
 33312 | Pan      | Gained mutation: You are weak. (Str -2) [a neqoxec]
 33314 | Pan      | Killed Rarghiups the pandemonium lord
 33386 | Pan      | Entered the realm of Lom Lobon.
 33418 | Pan      | Found a basalt altar of Yredelemnul.
 33697 | Pan      | Noticed Lom Lobon
 33739 | Pan      | Killed Lom Lobon
 33770 | Pan      | Got a magical rune of Zot
 33831 | Pan      | Reached skill level 15 in Throwing
 33889 | Pan      | Entered the realm of Gloorx Vloq.
 33898 | Pan      | Reached XP level 27. HP: 265/265 MP: 35/35
 33927 | Pan      | Noticed Gloorx Vloq
 33941 | Pan      | Killed Gloorx Vloq
 34032 | Pan      | Got a dark rune of Zot
 34046 | Pan      | Reached skill level 18 in Invocations
 34209 | Pan      | Noticed Qitre the pandemonium lord
 34434 | Pan      | Noticed Ynlism the pandemonium lord
 34489 | Pan      | Killed Ynlism the pandemonium lord
 34524 | Pan      | Noticed Doeloby the pandemonium lord
 34604 | Pan      | Found an exit through the horrors of the Abyss.
 34679 | Pan      | Identified the of Wogamur
 34679 | Pan      | Identified the of Rynwyam
 34707 | Pan      | Entered the realm of Cerebov.
 34723 | Pan      | Reached skill level 10 in Translocations
 34849 | Pan      | Found the +6 sword of Cerebov {flame}
 34849 | Pan      | Noticed Cerebov
 34877 | Pan      | Killed Cerebov
 34899 | Pan      | Identified the ring "Boufer" {Fly Will+}
 34935 | Pan      | Identified the +0 plate armour "Cutuf" {Harm rElec Int-2}
 34956 | Pan      | Got a fiery rune of Zot
 35080 | Pan      | Gained mutation: You frequently scream uncontrollably at
                  | your foes. [a neqoxec]
 35082 | Pan      | Noticed Cesuddegg the pandemonium lord
 35112 | Pan      | Killed Cesuddegg the pandemonium lord
 35154 | Pan      | Entered the realm of Mnoleg.
 35301 | Pan      | Gained mutation: You are frail. (-10% HP) [a neqoxec]
 35340 | Pan      | Gained mutation: Potions are less effective at restoring
                  | your health. [a cacodemon]
 35345 | Pan      | Lost mutation: You possess an exceptional clarity of mind.
                  | [a neqoxec]
 35418 | Pan      | Noticed Mnoleg
 35424 | Pan      | Gained mutation: You have hidden genetic defects. [Mnoleg's
                  | mutagenic touch]
 35432 | Pan      | Killed Mnoleg
 35454 | Pan      | Got a glowing rune of Zot
 35610 | Pan      | Noticed Ecuse the pandemonium lord
 35635 | Pan      | Killed Ecuse the pandemonium lord
 35863 | Pan      | Noticed Lucesch the pandemonium lord
 35881 | Pan      | Killed Lucesch the pandemonium lord
 35921 | Pan      | Identified the of Mogoogak
 35980 | Pan      | Identified the +0 leather armour of Objectivity {rF+}
 36025 | Pan      | Gained mutation: You do not regenerate when monsters are
                  | visible. [hidden defects]
 36160 | Depths:1 | Escaped Pandemonium
 36174 | Depths:1 | Lost mutation: You have a pair of small horns on your head.
                  | [potion of mutation]
 36174 | Depths:1 | Lost mutation: You are weak. (Str -2) [potion of mutation]
 36174 | Depths:1 | Lost mutation: You are dopey. (Int -2) [potion of mutation]
 36174 | Depths:1 | Lost mutation: You have hoof-like feet. [potion of
                  | mutation]
 36174 | Depths:1 | Lost mutation: Potions are less effective at restoring your
                  | health. [potion of mutation]
 36174 | Depths:1 | Lost mutation: You have hidden genetic defects. [potion of
                  | mutation]
 36174 | Depths:1 | Gained mutation: You have a pair of small horns on your
                  | head. [potion of mutation]
 36174 | Depths:1 | Gained mutation: You passively map a small area around you.
                  | [potion of mutation]
 36174 | Depths:1 | Gained mutation: You are partially covered in iridescent
                  | scales. (AC +2) [potion of mutation]
 36174 | Depths:1 | Gained mutation: You are mostly covered in iridescent
                  | scales. (AC +4) [potion of mutation]
 36174 | Depths:1 | Gained mutation: You have a pair of horns on your head.
                  | [potion of mutation]
 36175 | Depths:1 | Lost mutation: You frequently scream uncontrollably at your
                  | foes. [potion of mutation]
 36175 | Depths:1 | Lost mutation: You occasionally shout uncontrollably at
                  | your foes. [potion of mutation]
 36175 | Depths:1 | Lost mutation: You do not regenerate when monsters are
                  | visible. [potion of mutation]
 36175 | Depths:1 | Lost mutation: You are mostly covered in iridescent scales.
                  | (AC +4) [potion of mutation]
 36175 | Depths:1 | Lost mutation: You are frail. (-10% HP) [potion of
                  | mutation]
 36175 | Depths:1 | Lost mutation: You have large cloven feet. [potion of
                  | mutation]
 36175 | Depths:1 | Gained mutation: You are frail. (-10% HP) [potion of
                  | mutation]
 36175 | Depths:1 | Lost mutation: You passively map a small area around you.
                  | [potion of mutation]
 36175 | Depths:1 | Gained mutation: Your tail ends in a venomous barb. [potion
                  | of mutation]
 36175 | Depths:1 | Gained mutation: Your spells are a little harder to cast,
                  | but a little more powerful. [potion of mutation]
 36175 | Depths:1 | Gained mutation: You are mostly covered in iridescent
                  | scales. (AC +4) [potion of mutation]
 36176 | Depths:1 | Lost mutation: You have a pair of horns on your head.
                  | [potion of mutation]
 36176 | Depths:1 | Lost mutation: You are frail. (-10% HP) [potion of
                  | mutation]
 36176 | Depths:1 | Lost mutation: You are mostly covered in iridescent scales.
                  | (AC +4) [potion of mutation]
 36176 | Depths:1 | Lost mutation: Your tail ends in a venomous barb. [potion
                  | of mutation]
 36176 | Depths:1 | Gained mutation: You have a pair of horns on your head.
                  | [potion of mutation]
 36176 | Depths:1 | Gained mutation: Your spells are harder to cast, but more
                  | powerful. [potion of mutation]
 36176 | Depths:1 | Gained mutation: You are strong-willed. (Will+) [potion of
                  | mutation]
 36233 | Hell     | Entered the Vestibule of Hell
 36233 | Hell     | Noticed Geryon
 36249 | Hell     | Killed Geryon
 36285 | Hell     | Reached skill level 19 in Invocations
 36308 | Hell     | Found a gateway to the freezing wastes of Cocytus.
 36348 | Hell     | Found a gateway to the decaying netherworld of Tartarus.
 36365 | Hell     | Was forgiven by Okawaru
 36422 | Tar:1    | Entered Level 1 of Tartarus
 36603 | Tar:3    | Reached skill level 5 in Earth Magic
 36615 | Tar:3    | You are sucked into a shaft and drop 2 floors!
 36991 | Tar:7    | Entered Level 7 of Tartarus
 37367 | Tar:7    | Noticed Ereshkigal
 37387 | Tar:7    | Killed Ereshkigal
 37403 | Tar:7    | Identified the ring of Noon {Drain rElec rCorr Slay+5 SInv}
 37403 | Tar:7    | Found the +2 pair of slick slippers {slick, slippery, EV+4}
 37409 | Tar:7    | Identified the ring "Imidydd" {rPois rCorr EV+5}
 37410 | Tar:7    | Got a bone rune of Zot
 37411 | Tar:7    | Identified the +5 flail of Pain and Death {spect, *Rage
                  | rElec rN++ SInv}
 37412 | Tar:7    | Identified the staff "Gagoigh" {rPois rC+ Dex-3 SInv Earth}
 37421 | Tar:7    | Identified the +3 glaive of Ohudan {venom, rC+}
 37516 | Coc:1    | Entered Level 1 of Cocytus
 37720 | Coc:3    | Paralysed by a wendigo for 1 turns
 37732 | Coc:3    | Reached skill level 20 in Invocations
 37817 | Coc:7    | Entered Level 7 of Cocytus
 37860 | Coc:7    | Paralysed by a wendigo for 1 turns
 37935 | Coc:7    | Paralysed by a wendigo for 1 turns
 38041 | Coc:7    | Learned a level 4 spell: Vhi's Electric Charge
 38092 | Coc:7    | Reached skill level 1 in Air Magic
 38101 | Coc:7    | Paralysed by a wendigo for 1 turns
 38249 | Coc:7    | Noticed Antaeus
 38276 | Coc:7    | Killed Antaeus
 38299 | Coc:7    | Got an icy rune of Zot
 38414 | Hell     | Found a gateway to the ashen valley of Gehenna.
 38428 | Geh:1    | Entered Level 1 of Gehenna
 38452 | Geh:1    | Reached skill level 5 in Air Magic
 38459 | Geh:1    | Reached skill level 21 in Invocations
 38823 | Geh:5    | Reached skill level 22 in Invocations
 39148 | Geh:7    | Entered Level 7 of Gehenna
 39172 | Geh:7    | Reached skill level 23 in Invocations
 39479 | Geh:7    | Reached skill level 24 in Invocations
 39730 | Geh:7    | Found the +13 sceptre of Asmodeus
 39730 | Geh:7    | Noticed Asmodeus
 39741 | Geh:7    | Killed Asmodeus
 39753 | Geh:7    | Got an obsidian rune of Zot
 39899 | Hell     | Found a gateway to the Iron City of Dis.
 39911 | Dis:1    | Entered Level 1 of the Iron City of Dis
 39918 | Dis:2    | Identified the +4 tower shield of Life {*Corrode +Blink
                  | +Inv Will++}
 39935 | Dis:2    | Reached skill level 25 in Invocations
 40149 | Dis:3    | Noticed an ancient lich
 40161 | Dis:3    | Killed an ancient lich
 40296 | Dis:4    | Reached skill level 26 in Invocations
 40317 | Dis:4    | You are sucked into a shaft and drop 1 floor!
 40818 | Dis:7    | Entered Level 7 of the Iron City of Dis
 41105 | Dis:7    | Reached skill level 27 in Invocations
 41215 | Dis:7    | Noticed the Serpent of Hell
 41229 | Dis:7    | Killed the Serpent of Hell
 41459 | Dis:7    | Noticed a juggernaut
 41473 | Dis:7    | Killed a juggernaut
 41485 | Dis:7    | Noticed Dispater
 41516 | Dis:7    | Killed Dispater
 41537 | Dis:7    | Got an iron rune of Zot
 41957 | Temple   | Fell from the grace of the Shining One
 41957 | Temple   | Became a worshipper of Qazlal Stormbringer
 42338 | Depths:2 | Found a one-way gateway to a ziggurat.
 42365 | Depths:2 | Paralysed by a vampire knight for 5 turns
 42439 | Depths:2 | Reached * piety under Qazlal
 42526 | Depths:4 | Entered Level 4 of the Depths
 42637 | Depths:4 | Reached ** piety under Qazlal
 42642 | Depths:4 | Noticed Xtahua
 42652 | Depths:4 | Killed Xtahua
 42752 | Depths:4 | Found a gate to the Realm of Zot.
 42761 | Zot:1    | Entered Level 1 of the Realm of Zot
 43005 | Zot:3    | Reached *** piety under Qazlal
 43051 | Zot:2    | Reached skill level 10 in Transmutations
 43290 | Zot:4    | Reached **** piety under Qazlal
 43433 | Zot:5    | Entered Level 5 of the Realm of Zot
 43496 | Zot:4    | Noticed an orb of fire
 43501 | Zot:5    | Gained mutation: You occasionally lose the ability to read
                  | scrolls when taking damage. [an orb of fire]
 43503 | Zot:5    | Lost mutation: Your spells are harder to cast, but more
                  | powerful. [an orb of fire]
 43505 | Zot:5    | Lost mutation: Your spells are a little harder to cast, but
                  | a little more powerful. [an orb of fire]
 43508 | Zot:5    | Gained mutation: You are dopey. (Int -2) [an orb of fire]
 43510 | Zot:5    | Killed an orb of fire
 43586 | Zot:5    | Found a transporter.
 43596 | Zot:5    | Found a transporter.
 43767 | Zot:5    | Noticed a dread lich
 43805 | Zot:5    | Reached ***** piety under Qazlal
 43812 | Zot:5    | Killed a dread lich
 43832 | Zot:5    | Noticed an orb of fire
 43839 | Zot:5    | Gained mutation: You are weak. (Str -2) [an orb of fire]
 43841 | Zot:5    | Gained mutation: You occasionally shout uncontrollably at
                  | your foes. [an orb of fire]
 43842 | Zot:5    | Gained mutation: You sometimes lose the ability to read
                  | scrolls when taking damage. [an orb of fire]
 43844 | Zot:5    | Killed an orb of fire
 43845 | Zot:5    | Noticed an orb of fire
 43846 | Zot:5    | Gained mutation: You are frail. (-10% HP) [an orb of fire]
 43850 | Zot:5    | Gained mutation: You are very dopey. (Int -4) [an orb of
                  | fire]
 43852 | Zot:5    | Killed an orb of fire
 43856 | Zot:5    | Noticed a dread lich
 43865 | Zot:5    | Killed a dread lich
 43868 | Zot:5    | Reached skill level 15 in Evocations
 43869 | Zot:5    | Noticed an ancient lich
 43876 | Zot:5    | Killed an ancient lich
 43958 | Zot:5    | Noticed an ancient lich
 43978 | Zot:5    | Killed an ancient lich
 43996 | Zot:5    | Noticed a dread lich
 44004 | Zot:5    | Killed a dread lich
 44256 | Zot:5    | Lost mutation: You are partially covered in iridescent
                  | scales. (AC +2) [potion of mutation]
 44256 | Zot:5    | Lost mutation: You have a pair of horns on your head.
                  | [potion of mutation]
 44256 | Zot:5    | Lost mutation: You sometimes lose the ability to read
                  | scrolls when taking damage. [potion of mutation]
 44256 | Zot:5    | Lost mutation: You are weak. (Str -2) [potion of mutation]
 44256 | Zot:5    | Gained mutation: You have an increased reservoir of magic.
                  | (+10% MP) [potion of mutation]
 44256 | Zot:5    | Gained mutation: You are partially covered in large bone
                  | plates. (SH +4) [potion of mutation]
 44256 | Zot:5    | Gained mutation: You are very frail. (-20% HP) [potion of
                  | mutation]
 44256 | Zot:5    | Gained mutation: You are agile. (Dex +4, Str/Int -1)
                  | [potion of mutation]
 44257 | Zot:5    | Lost mutation: You occasionally shout uncontrollably at
                  | your foes. [potion of mutation]
 44257 | Zot:5    | Lost mutation: You are partially covered in large bone
                  | plates. (SH +4) [potion of mutation]
 44257 | Zot:5    | Lost mutation: You are strong-willed. (Will+) [potion of
                  | mutation]
 44257 | Zot:5    | Lost mutation: You are agile. (Dex +4, Str/Int -1) [potion
                  | of mutation]
 44257 | Zot:5    | Lost mutation: You have a pair of small horns on your head.
                  | [potion of mutation]
 44257 | Zot:5    | Gained mutation: You possess an exceptional clarity of
                  | mind. [potion of mutation]
 44257 | Zot:5    | Gained mutation: Your spells are a little harder to cast,
                  | but a little more powerful. [potion of mutation]
 44257 | Zot:5    | Gained mutation: You are somewhat resistant to further
                  | mutation. [potion of mutation]
 44258 | Zot:5    | Lost mutation: You have an increased reservoir of magic.
                  | (+10% MP) [potion of mutation]
 44258 | Zot:5    | Lost mutation: You possess an exceptional clarity of mind.
                  | [potion of mutation]
 44258 | Zot:5    | Lost mutation: You occasionally lose the ability to read
                  | scrolls when taking damage. [potion of mutation]
 44258 | Zot:5    | Lost mutation: You are somewhat resistant to further
                  | mutation. [potion of mutation]
 44258 | Zot:5    | Gained mutation: Your body sometimes deteriorates upon
                  | taking damage. [potion of mutation]
 44258 | Zot:5    | Lost mutation: Your spells are a little harder to cast, but
                  | a little more powerful. [potion of mutation]
 44258 | Zot:5    | Gained mutation: You have very sharp teeth. [potion of
                  | mutation]
 44258 | Zot:5    | Gained mutation: Your tail ends in a venomous barb. [potion
                  | of mutation]
 44259 | Zot:5    | Lost mutation: You have very sharp teeth. [potion of
                  | mutation]
 44259 | Zot:5    | Lost mutation: Your body sometimes deteriorates upon taking
                  | damage. [potion of mutation]
 44259 | Zot:5    | Lost mutation: You are very dopey. (Int -4) [potion of
                  | mutation]
 44259 | Zot:5    | Lost mutation: You are very frail. (-20% HP) [potion of
                  | mutation]
 44259 | Zot:5    | Gained mutation: You are very frail. (-20% HP) [potion of
                  | mutation]
 44259 | Zot:5    | Gained mutation: You are clumsy. (Dex -2) [potion of
                  | mutation]
 44259 | Zot:5    | Gained mutation: You have supernaturally acute eyesight.
                  | (SInv) [potion of mutation]
 44259 | Zot:5    | Gained mutation: You are partially covered in iridescent
                  | scales. (AC +2) [potion of mutation]
 44274 | Abyss:6  | Cast into level 6 of the Abyss (unwielding a weapon of
                  | distortion)
 44343 | Abyss:6  | Got an abyssal rune of Zot
 44373 | Abyss:6  | Reached ****** piety under Qazlal
 44383 | Abyss:6  | Gained mutation: Your body sometimes deteriorates upon
                  | taking damage. [a neqoxec]
 44527 | Zot:5    | Escaped the Abyss
 44536 | Zot:5    | Got the Orb of Zot
 44989 | D:$      | Escaped with the Orb!

Illustrated notes

Levels and vault maps discovered:
D:1:      denvon_arrival_planthouse, layout_basic, minmay_misc_feat_square,
          hex_tiny
D:2:      layout_loops_ring, dreamdust_ecumenical_altar_drowned_temple,
          basic_altar
D:3:      layout_loops_corners, mainiacjoe_overflow_chevrons,
          serial_bayou_ford_a, minmay_quantized
D:4:      layout_basic, zin_academy, minmay_cut_off
D:5:      layout_cave_pods, gammafunk_temple_overflow_forgotten
D:6:      layout_loops_corners, serial_glass, glass_columns_c, glass_columns_a,
          glass_columns_b, glass_columns_a, glass_columns_a, glass_columns_a,
          glass_columns_a, glass_columns_c, glass_columns_b, glass_columns_c,
          uniq_maggie, uniq_grinder
D:7:      layout_loops_ring, minmay_temple_entry_statues, serial_shops, shop
D:8:      minmay_ornate_pinched, layout_loops_corners,
          nicolae_concentric_dashed_squares_mild
D:9:      layout_loops_corners, eat_drink_and_be_merry_uskayaw,
          nicolae_wu_jian_glorious_leap, enter_bailey_3, kennysheep_nondescript
D:10:     layout_loops_corners, nicolae_overflow_squiral,
          ebering_ghost_disaster_area, minmay_shattered_shrine
D:11:     layout_roguey, erik_lair_dragon,
          kennysheep_orc_monster_closet_entryway, serial_curves, eino_curves_03,
          eino_curves_02, nicolae_diode_quadrants, uniq_erica, uniq_nergalle
D:12:     mludivico_vault, layout_rooms
D:13:     layout_cave_pools, ximxim_vaults_locker_room, vehumet_altar_wand_db
D:14:     minmay_tri_stars, layout_long_grid, nicolae_figureground_sparkle
D:15:     gammafunk_depths_entry_grave, layout_stronghold, roderic_lattice_a
Temple:   dshaligram_water_room_temple
Lair:1:   layout_loops_ring, grunt_megastairs_5
Lair:2:   layout_loops_ring, dummy_snake_entry, serial_bayou_pond_d
Lair:3:   layout_cave_shapes, nicolae_swamp_entry_spooky,
          ebering_ghost_reflecting_pool, beast_lair_carwin_10,
          grunt_megastairs_4, serial_bayou_shore_b
Lair:4:   layout_loops_ring, lemuel_fruit_tree, lemuel_fruit_fields
Lair:5:   evil_forest, layout_misc_corridors, minmay_slime_entry_jelly_boxes,
          ebering_ghost_rock_garden
Swamp:1:  layout_basic_swamp, infiniplex_staircase_pool, uniq_frances
Swamp:2:  layout_falls_marsh, hangedman_swamp_ruin_hall, swamp_pool1,
          st_swamp_ruins_3, uniq_mlioglotl, uniq_donald
Swamp:3:  layout_falls_marsh, evilmike_swamp_ruin_house_4, swamp_pool1,
          hangedman_swamp_diagram, uniq_louise, uniq_bai_suzhen, uniq_nikola
Swamp:4:  swamp_icy, layout_basic_swamp
Snake:1:  layout_misc_corridors, ebering_ghost_inner_flame,
          corexii_hall_statues_s
Snake:2:  layout_basic, special_room
Snake:3:  layout_cave_shapes, uniq_aizul
Snake:4:  johnstein_snake_rune_scales, layout_basic, serial_shops, shop,
          nicolae_shop_bloodbath_and_beyond, shop, shop, drop_trap,
          nicolae_snake_lava_pool
Slime:1:  layout_caves
Slime:2:  layout_caves
Slime:3:  layout_caves, dissolution_awaits
Slime:4:  layout_caves
Slime:5:  slime_pit_nicolae_trefoil
Orc:1:    layout_caves, serial_shops, shop
Orc:2:    grunt_orc_community_town_hall, layout_diamond_mine,
          grunt_orc_community_big_house_1, grunt_orc_community_big_house_2,
          grunt_orc_community_house_1, grunt_orc_community_house_1,
          grunt_orc_community_house_2, grunt_orc_community_house_3,
          grunt_orc_community_house_3, grunt_orc_community_house_3,
          serial_shops, shop_coins, ebering_ghost_gozag, basic_altar, uniq_sonja
Elf:1:    eino_elf_arrival_shootout, layout_geoelf_grid, minivault_28,
          grunt_megastairs_3
Elf:2:    nicolae_elf_blades_splatter_lattice [nicolae_blade_lattice],
          layout_onion_city, serial_shops, shop, nicolae_shop_advertising_works
          [nicolae_subvault_shop_adworks], shop, shop, grunt_ministairs_14
Elf:3:    minmay_elf_hall_four_x, layout_geoelf_diagonals,
          nicolae_concentric_dashed_squares_wild
Vaults:1: nicolae_vaults_octothorpe, hangedman_vaults_stagger, v_misc_32,
          nicolae_vaults_frosty_reception, v_pattern_2, ontoclasm_vaults_eye,
          v_misc_23, nicolae_vaults_house_3, ontoclasm_vaults_pinch,
          ontoclasm_vaults_ring_small, nicolae_vaults_security_offices_2,
          nicolae_vaults_storage_closets_3, nicolae_vaults_double_plus_1,
          v_misc_23, layout_vaults_omnibox
Vaults:2: ontoclasm_vaults_ligature, nicolae_vaults_turnstiles,
          nicolae_vaults_cochlea, hangedman_vaults_stream,
          vaults_room_large_hall, v_misc_15,
          nicolae_vaults_variable_pillar_hall_cross, door_vault,
          hangedman_vaults_capsules, hangedman_vaults_locks, v_misc_25,
          nicolae_vaults_house_1, v_pattern_3, v_rooms_6, vaults_dpeg_ring,
          layout_vaults_maze, serial_shops, nicolae_shop_gibbet_a_chance
Vaults:3: portal_desolation_entry_nicolae_slug, hangedman_vaults_maws,
          nicolae_vaults_sesquioval_fish, nicolae_vaults_statue_guard,
          hangedman_vaults_snaps, ontoclasm_vaults_decontamination,
          hangedman_vaults_slice, nicolae_vaults_little_ls,
          nicolae_vaults_little_squares_2, nicolae_vaults_closet_pinwheel_4,
          nicolae_vaults_meiosis, minmay_crypt_entry_skeletal_spiral,
          nicolae_vaults_octothorpe, nicolae_vaults_storage_room_water,
          vaults_room_pools, vaults_room_semicircle, layout_vaults_omnicross
Vaults:4: hellmonk_ghost_happy_afterlife, nicolae_vaults_twisting_passages,
          v_misc_1, nicolae_vaults_spaceships, dpeg_vaults_monster_box,
          v_misc_12, nicolae_vaults_trapezoid_lopsided_2, v_misc_15, v_misc_29,
          nicolae_vaults_hexular_roomagon, nicolae_vaults_specimen_jars,
          layout_vaults_big_room, serial_shops, shop
Vaults:5: serial_shops
Crypt:1:  minmay_guarded_unrand_majin_bo, layout_basic,
          grunt_crypt_arrival_webbed, uniq_grunn, uniq_saint_roka
Crypt:2:  gammafunk_crypt_yreds_forest, layout_gridlike, uniq_vv,
          uniq_josephina, uniq_mennas
Crypt:3:  quadcrypt_mu
Tomb:1
Tomb:2
Tomb:3
Depths:1: layout_cave_pools, mu_enter_wizlab_4, hangedman_abyss_entry_splay,
          grunt_hell_entry_dis_mu, rand_demon_pan_entry_4, st_stairs_14,
          minislime_mu, grunt_megastairs_2, minmay_shop_grove
Depths:2: kennysheep_room_grid, layout_basic, enter_ziggurat_a, hell_entry,
          hangedman_decor_growths, rand_demon_pan_entry_7,
          infiniplex_staircase_door_maze, serial_bayou_shore_b
Depths:3: evilmike_cross, layout_basic, hell_entry, minmay_room_of_horrors,
          grunt_ministairs_10, st_stairs_6, minmay_staircase_statues
Depths:4: grunt_zot_entry_gee_three, layout_gridlike, abyss_entry,
          chequers_serial_rivers_micro_c, serial_shops,
          nicolae_shop_statue_plus, pan_entry, hell_entry,
          minmay_misc_feat_secret_circle, nicolae_shop_self_help, uniq_parghit,
          uniq_xtahua
Hell
Dis:1:    layout_gridville
Dis:2:    layout_subdivisions, nicolae_dis_metal_dragon_surprise
Dis:3:    layout_overlapping_boxes
Dis:4:    layout_subdivisions
Dis:5:    layout_regular_city, glass_columns_a, hangedman_dis_decor_tower
Dis:6:    layout_overlapping_boxes, nicolae_dis_spooky_hallway
Dis:7:    dis_st
Geh:1:    layout_gehenna_pools_basic
Geh:2:    layout_gehenna_pools_triple
Geh:3:    layout_gehenna_pools_triple
Geh:4:    layout_gehenna_lava_caves
Geh:5:    layout_gehenna_pools_box, nicolae_hells_fiendish_ambush
Geh:6:    layout_gehenna_pools_box
Geh:7:    geh_hangedman
Coc:1:    layout_cocytus_delve
Coc:2:    nicolae_coc_caina, layout_ice_bergs, nicolae_hells_seeping_fissure
Coc:3:    layout_cocytus_water_paths
Coc:4:    layout_cocytus_water_paths
Coc:5:    layout_ice_bergs
Coc:6:    layout_cocytus_water_paths
Coc:7:    coc_old
Tar:1:    layout_grid_maze
Tar:2:    layout_honeycomb
Tar:3:    layout_grid_maze
Tar:5:    layout_catacombs, nicolae_tar_spectre_spectrum
Tar:6:    layout_cathedral_of_symmetry
Tar:7:    tar_minmay_river
Zot:1:    layout_gridville, hangedman_zot_wheel_spokes
Zot:2:    layout_gridlike
Zot:3:    layout_cellular_growth, regret_index_zotdec_bone_old
Zot:4:    grunt_zot_stairs_mandelzot, layout_gridlike, st_stairs_7,
          evilmike_ambush [evilmike_ambush_outer_basic,
          evilmike_ambush_inner_basic]
Zot:5:    layout_twisted_circle, nicolae_transporter_intersection

Skill      XL: |  1  2  3  4  5  6  7  8  9 10 11 12 13 14 15 16 17 18 19 20 21 22 23 24 25 26 27 |
---------------+----------------------------------------------------------------------------------+-----
Fighting       | 1 2 3 4 5 6 7 8 9 10 11 12 13 16 17 18 19 20 23 | 23.3
Armour         | 1 2 3 4 5 6 7 8 10 11 12 13 14 15 16 17 18 19 20 25 | 25.0
Axes           | 1 2 3 4 5 6 7 8 10 11 12 13 14 15 16 17 18 21 | 21.2
Throwing       | 1 3 4 5 6 7 8 9 10 11 12 13 14 15 20 | 20.1
Invocations    | 1 3 4 5 6 7 8 10 15 17 27 | 27.0
Shields        | 2 4 6 7 9 10 11 12 13 14 15 16 17 21 | 21.9
Evocations     | 3 5 12 15 | 15.0
Spellcasting   | 5 |  5.5
Translocations | 4 6 7 9 11 | 11.0
Transmutations | 4 6 8 9 10 | 10.0
Earth Magic    | 4 6 |  6.0
Fire Magic     | 3 7 9 |  9.0
Air Magic      | 9 |  9.0
Dodging        | |  1.3
Unarmed Combat | |  2.6
Shapeshifting  | |  2.6

Action                     |  1- 3 |  4- 6 |  7- 9 | 10-12 | 13-15 | 16-18 | 19-21 | 22-24 | 25-27 || total
---------------------------+-------+-------+-------+-------+-------+-------+-------+-------+-------++-------
  Melee: Unarmed           |   103 |    86 |       |       |       |       |       |       |       ||   189
         Tailslap          |    12 |    26 |    43 |    97 |   217 |   274 |   124 |   426 |  1052 ||  2271
         Punch             |     5 |     4 |     5 |       |       |       |       |       |       ||    14
         Mace              |       |    32 |       |       |       |       |       |       |       ||    32
         Hand axe          |       |    36 |   311 |   241 |       |       |       |       |       ||   588
         War axe           |       |       |       |   323 |  1264 |   658 |       |       |       ||  2245
         Flail             |       |       |       |       |    11 |       |       |       |       ||    11
         Headbutt          |       |       |       |       |     1 |       |       |   504 |  1432 ||  1937
         Broad axe         |       |       |       |       |       |   873 |   510 |  1799 |  4014 ||  7196
         Kick              |       |       |       |       |       |       |       |   780 |   757 ||  1537
  Throw: Dart              |       |     6 |     3 |    11 |     5 |       |     6 |       |     2 ||    33
         Boomerang         |       |       |     7 |       |     5 |    44 |    26 |       |   164 ||   246
         Throwing net      |       |       |       |     1 |       |       |       |       |     1 ||     2
         Javelin           |       |       |       |       |       |    11 |    11 |    14 |    96 ||   132
   Cast: Apportation       |       |       |       |       |       |       |       |    79 |   119 ||   198
         Wereblood         |       |       |       |       |       |       |       |    34 |   101 ||   135
         Passwall          |       |       |       |       |       |       |       |    25 |    25 ||    50
         Volatile Blastmot |       |       |       |       |       |       |       |       |    30 ||    30
         Lesser Beckoning  |       |       |       |       |       |       |       |       |    63 ||    63
 Invoke: Heroism           |       |       |       |     7 |    17 |    18 |     7 |    18 |       ||    67
         Finesse           |       |       |       |       |     2 |     7 |     2 |     3 |       ||    14
         Receive Weapon    |       |       |       |       |       |     1 |       |       |       ||     1
         Receive Armour    |       |       |       |       |       |     1 |       |       |       ||     1
         Divine Shield     |       |       |       |       |       |       |       |     3 |    64 ||    67
         Cleansing Flame   |       |       |       |       |       |       |       |       |    43 ||    43
         Brand Weapon With |       |       |       |       |       |       |       |       |     1 ||     1
         Summon Divine War |       |       |       |       |       |       |       |       |    29 ||    29
         Elemental Force   |       |       |       |       |       |       |       |       |     1 ||     1
         Disaster Area     |       |       |       |       |       |       |       |       |     1 ||     1
Ability: Begin Untransform |       |       |     1 |       |       |       |       |       |       ||     1
  Evoke: Wand              |       |       |       |    16 |    10 |     6 |     1 |     2 |    41 ||    76
         Phantom mirror    |       |       |       |       |       |       |       |       |     2 ||     2
         Figurine of a zig |       |       |       |       |       |       |       |       |     1 ||     1
    Use: Scroll            |       |     1 |     6 |     3 |    10 |     9 |     8 |    20 |    40 ||    97
         Potion            |       |       |       |       |     8 |     2 |     4 |     4 |    77 ||    95
   Stab: Sleeping          |     1 |       |       |       |       |       |       |       |       ||     1
         Paralysed         |       |       |       |     5 |       |       |       |       |     1 ||     6
         Distracted        |       |       |       |       |       |     1 |       |     2 |     3 ||     6
         Confused          |       |       |       |       |       |       |       |     1 |       ||     1
         Invisible         |       |       |       |       |       |       |       |       |    13 ||    13
 Armour: Animal skin       |    28 |       |       |       |       |       |       |       |       ||    28
         Scale mail        |    18 |    91 |    91 |       |       |       |       |       |       ||   200
         Leather armour    |     5 |       |       |       |       |       |       |       |       ||     5
         Chain mail        |       |       |    51 |   187 |       |       |       |       |       ||   238
         Plate armour      |       |       |       |   142 |   809 |  1183 |   483 |   587 |       ||  3204
         Gold dragon scale |       |       |       |       |       |       |       |   827 |  3136 ||  3963
         Skin              |       |       |       |       |       |       |       |       |   143 ||   143
  Dodge: Dodged            |    41 |    80 |   114 |   124 |   247 |   264 |    83 |   185 |   265 ||  1403
         Repelled          |       |       |       |       |       |       |       |       |     3 ||     3
  Block: Other             |       |       |    57 |       |       |       |       |       |       ||    57
         Kite shield       |       |       |    19 |   330 |   808 |  1234 |   331 |  1377 |  3811 ||  7910
         Reflection        |       |       |     1 |     8 |    23 |    90 |     7 |    13 |       ||   142

Table legend: (Time is in decaauts)
 A = Elapsed time spent in this place.
 B = Non-inter-level travel time spent in this place.
 C = Inter-level travel time spent in this place.
 D = Time resting spent in this place.
 E = Time spent auto-exploring this place.
 F = Levels seen in this place.
 G = Mean time per level.
                   A        B        C        D        E       F      G
               +--------+--------+--------+--------+--------+-----+--------+
         Total |  42284 |  26947 |  15337 |     29 |    315 | 113 |  374.2 |
       Dungeon |  10938 |   5092 |   5846 |      2 |    214 |  15 |  729.2 |
        Temple |     79 |     11 |     68 |      0 |      0 |   1 |   79.0 |
          Lair |   3472 |   1593 |   1879 |      0 |     38 |   5 |  694.4 |
         Swamp |   1684 |   1003 |    681 |      0 |      0 |   4 |  421.0 |
     Snake Pit |   2507 |   1369 |   1138 |      0 |      0 |   4 |  626.8 |
    Slime Pits |    791 |    599 |    192 |      0 |      0 |   5 |  158.2 |
  Orcish Mines |   1228 |    674 |    554 |      0 |      1 |   2 |  614.0 |
   Elven Halls |   2889 |   1768 |   1121 |      0 |      0 |   3 |  963.0 |
        Vaults |   3259 |   2003 |   1256 |      0 |     62 |   5 |  651.8 |
         Crypt |   1408 |    993 |    415 |      0 |      0 |   3 |  469.3 |
          Tomb |   1261 |    900 |    361 |      0 |      0 |   3 |  420.3 |
        Depths |   1731 |   1259 |    472 |      0 |      0 |   4 |  432.8 |
          Hell |    402 |    329 |     73 |      0 |      0 |   1 |  402.0 |
           Dis |   1542 |   1090 |    452 |      0 |      0 |   7 |  220.3 |
       Gehenna |   1228 |   1026 |    202 |      0 |      0 |   7 |  175.4 |
       Cocytus |    731 |    647 |     84 |      0 |      0 |   7 |  104.4 |
      Tartarus |    967 |    768 |    199 |      3 |      0 |   6 |  161.2 |
           Zot |   1431 |   1092 |    339 |      0 |      0 |   5 |  286.2 |
         Abyss |    523 |    523 |      0 |      0 |      0 |   3 |  174.3 |
   Pandemonium |   3212 |   3212 |      0 |     24 |      0 |  20 |  160.6 |
        Bailey |    303 |    303 |      0 |      0 |      0 |   1 |  303.0 |
        Wizlab |    354 |    354 |      0 |      0 |      0 |   1 |  354.0 |
    Desolation |    334 |    334 |      0 |      0 |      0 |   1 |  334.0 |
               +--------+--------+--------+--------+--------+-----+--------+

Top non-repeatable levels by time:
   Elf:3: 1272 daAuts
    D:10: 1268 daAuts
    D:11: 1254 daAuts
Depths:1: 1229 daAuts
Vaults:3: 1185 daAuts
     D:8: 1138 daAuts
  Lair:5: 1074 daAuts
Vaults:5: 1052 daAuts
     D:9: 1003 daAuts
   Orc:2: 977 daAuts
  Lair:3: 884 daAuts
     D:7: 860 daAuts
   Elf:2: 826 daAuts
     D:5: 813 daAuts
   Elf:1: 790 daAuts
